Workbook

Sheet Inicio

Sheet Hoja1
A1: Salario mínimo legal en Colombia
A2: 1.1.1. Serie histórica en pesos colombianos_periodicidad anual
A4: Información disponible desde el 1 de julio de 1984.
A6: Banco de la República - Gerencia Técnica - información extraída de la bodega de datos -Serankua- el 08/10/2018 09:13:42
A8: Año | B8: Salario mínimo diario | C8: Salario mínimo mensual | D8: Variación porcentual anual ¹ | E8: Decretos del Gobierno Nacional
A9: 1984 | B9: 376.6 | C9: 11298 | D9: 0 | E9: N/A
A10: 1985 | B10: 451.92 | C10: 13558 | D10: 0.2 | E10: 0001 de enero de 1985
A11: 1986 | B11: 560.38 | C11: 16811 | D11: 0.24 | E11: 3754 de diciembre de 1985
A12: 1987 | B12: 683.66 | C12: 20510 | D12: 0.22 | E12: 3732 de diciembre de 1986
A13: 1988 | B13: 854.58 | C13: 25637 | D13: 0.25 | E13: 2545 de diciembre de 1987
A14: 1989 | B14: 1085.32 | C14: 32560 | D14: 0.27 | E14: 2662 de diciembre de 1988
A15: 1990 | B15: 1367.5 | C15: 41025 | D15: 0.26 | E15: 3000 de diciembre de 1989
A16: 1991 | B16: 1723.87 | C16: 51716 | D16: 0.261 | E16: 3074 de diciembre de 1990
A17: 1992 | B17: 2173 | C17: 65190 | D17: 0.261 | E17: 2867 de diciembre de 1991
A18: 1993 | B18: 2717 | C18: 81510 | D18: 0.25 | E18: 2061 de diciembre de 1992
A19: 1994 | B19: 3290 | C19: 98700 | D19: 0.211 | E19: 2548 de diciembre de 1993
A20: 1995 | B20: 3964.45 | C20: 118934 | D20: 0.205 | E20: 2872 de diciembre de 1994
... A43: 2018 | B43: 26041.4 | C43: 781242 | D43: 0.059 | E43: 2269 de diciembre 30 de 2017
A44: 2019 | B44: 27603.867 | C44: 828116
A49: Fuente: Ministerio del Trabajo (www.mintrabajo.gov.co) y decretos del Gobierno Nacional (www.presidencia.gov.co).
A51: Nota: desde el 1 de julio de 1984 se unificó el salario mínimo para todos los sectores de la economía.
A53: ¹ Variación porcentual con respecto al dato del año imediatamente anterior.
A55: (N/A) No aplica
A57: Banco de la República - Gerencia Técnica - información extraída de la bodega de datos -Serankua- el 08/10/2018 09:13:42

Sheet PROPONENTE (10)
B3: NOMBRE DEL PROPONENTE: | C3: GRUPO ONE S.A.S
B4: “PRESTAR LOS SERVICIOS PARA DESARROLLAR PLANES DE MEDIOS DE LAS ESTRATEGIAS DE COMUNICACIÓN DEFINIDAS POR LA SECRETARÍA DISTRITAL DE SEGURIDAD, CONVIVENCIA Y JUSTICIA DE BOGOTÁ, CON EL FIN DE PROMOCIONAR TODOS LOS SERVICIOS Y PROGRAMAS QUE TIENE LA ENTIDAD”
B5: FECHA DE CIERRE DEL PROCESO | C5: 43672
B6: PRESUPUESTO OFICIAL: | C6: 900000000
B7: PRESUPUESTO OFICIAL EN SMMLV | C7: =C6/Hoja1!C44 -> 1086.8043
B9: Columna1 | C9: Columna2 | D9: Columna3 | E9: Columna4 | F9: Columna5 | G9: Columna6
B10: 3.6 REQUISITOS HABILITANTES TÉCNICOS
B11: 3.6.1 EXPERIENCIA DEL PROPONENTE
B13: NOMBRE DEL PROPONENTE: | C13: =C3 -> GRUPO ONE S.A.S
B14: Contrato 1 - | C14: GRUPO ONE S.A.S
B15: Objeto: | C15: Contratar una Central de Medios para que preste los servicios de publicación y ordenación de avisos de prensa, televisión nacional y pauta en portales digitales
B16: Contratante: | C16: TICKET FAST S.A.S.
B17: Porcentaje de Participación Consorcios /UT: | C17: 1
C18: Requisito | D18: Acreditado | E18: Consecutivo RUP | F18: Cumple/No cumple | G18: Observaciones
B19: Códigos del Clasificador de Bienes y Servicios | C19: 82101500 | F19: =IF(K23>=1,"CUMPLE","NO CUMPLE") -> CUMPLE | J19: x | K19: =IF(D19="X",1,0) -> 0
C20: 82101600 | D20: x | E20: 29 | K20: =IF(D20="X",1,0) -> 1
C21: 82101800 | D21: x | E21: 29 | K21: =IF(D21="X",1,0) -> 1
C22: 82101900 | D22: x | E22: 29 | K22: =IF(D22="X",1,0) -> 1
B23: Fecha de suscripción del contrato | D23: 43041 | F23: =IF(D23="","NO CUMPLE","CUMPLE") -> CUMPLE | H23: =YEAR(D23) -> 2017 | K23: =SUM(K19:K22) -> 3
B24: Valor del proyecto o contrato | D24: 1785000000 | F24: =IF(D24="","NO CUMPLE","CUMPLE") -> CUMPLE
B25: Fecha de terminación del contrato | D25: 43185 | F25: =IF(D25="","",IF(OR(D25>$C$5,D25<$K$25,),"NO CUMPLE","CUMPLE")) -> CUMPLE | K25: 41846
B26: SMMLV - a la fecha de suscripción del contrato | D26: =IFERROR((D24/(VLOOKUP(H23,Hoja1!$A$9:$C$44,3,0)))*C17,"PENDIENTE") -> 2419.627 | F26: =IF(D26=0,"NO CUMPLE","CUMPLE") -> CUMPLE
B27: TIPO DE PLAN DE MEDIOS ACREDITADO | C27: RADIO | D27: x | F27: =IF(K32>=1,"CUMPLE","NO CUMPLE") -> CUMPLE | J27: x | K27: =IF(D27="X",1,0) -> 1
C28: PRENSA | D28: x | K28: =IF(D28="X",1,0) -> 1
C29: TELEVISIÓN | D29: x | K29: =IF(D29="X",1,0) -> 1
C30: DIGITALES | D30: x | K30: =IF(D30="X",1,0) -> 1
C31: MEDIOS ALTERNATIVOS | K31: =IF(D31="X",1,0) -> 0
B32: Valoración de la experiencia acreditada mediante el presente contrato | F32: =IF(F27="","PENDIENTE",IF(F26="","PENDIENTE",IF(F25="","PENDIENTE",IF(F24="","PENDIENTE",IF(F23="","PENDIENTE",IF(F19="","PENDIENTE",IF(F27="NO CUMPLE","NO CUMPLE",IF(F26="NO CUMPLE","NO CUMPLE",IF(F25="NO CUMPLE","NO CUMPLE",IF(F24="NO CUMPLE","NO CUMPLE",(IF(F23="NO CUMPLE","NO CUMPLE",IF(F19="NO CUMPLE","NO CUMPLE","CUMPLE"))))))))))))) -> CUMPLE | H32: NO | K32: =SUM(K27:K31) -> 4
B34: Contrato 2 | C34: GRUPO ONE S.A.S.
B35: Objeto: | C35: Ejecutar actividades de divulgación en medios de comunicación con el fin de difundir la gestión institucional, las metas y objetivos formulados en el plan comercial y de Mercado de la Lotería de Bogotá así como las campañas para combatir el juego ilegal de chance y Lotería.
B36: Contratante: | C36: LOTERÍA DE BOGOTÁ
B37: Porcentaje de Participación Consorcios /UT: | C37: 1
C38: Requisito | D38: Acreditado | E38: Consecutivo RUP | F38: Cumple/No cumple | G38: Observaciones
B39: Códigos del Clasificador de Bienes y Servicios | C39: 82101500 | F39: =IF(K43>=1,"CUMPLE","NO CUMPLE") -> CUMPLE | J39: x | K39: =IF(D39="X",1,0) -> 0
C40: 82101600 | D40: x | E40: 30 | K40: =IF(D40="X",1,0) -> 1
C41: 82101800 | D41: x | E41: 30 | K41: =IF(D41="X",1,0) -> 1
C42: 82101900 | D42: x | E42: 30 | K42: =IF(D42="X",1,0) -> 1
B43: Fecha de suscripción del contrato | D43: 43097 | F43: =IF(D43="","NO CUMPLE","CUMPLE") -> CUMPLE | H43: =YEAR(D43) -> 2017 | K43: =SUM(K39:K42) -> 3
B44: Valor del proyecto o contrato | D44: 601610446 | F44: =IF(D44="","NO CUMPLE","CUMPLE") -> CUMPLE
B45: Fecha de terminación del contrato | D45: 43465 | F45: =IF(D45="","",IF(OR(D45>$C$5,D45<$K$25,),"NO CUMPLE","CUMPLE")) -> CUMPLE | K45: 41846
B46: SMMLV - a la fecha de suscripción del contrato | D46: =IFERROR((D44/(VLOOKUP(H43,Hoja1!$A$9:$C$44,3,0)))*C37,"PENDIENTE") -> 815.50303 | F46: =IF(D46=0,"NO CUMPLE","CUMPLE") -> CUMPLE
B47: TIPO DE PLAN DE MEDIOS ACREDITADO | C47: RADIO | D47: x | F47: =IF(K52>=1,"CUMPLE","NO CUMPLE") -> CUMPLE | J47: x | K47: =IF(D47="X",1,0) -> 1
C48: PRENSA | D48: x | K48: =IF(D48="X",1,0) -> 1
C49: TELEVISIÓN | D49: x | K49: =IF(D49="X",1,0) -> 1
C50: DIGITALES | K50: =IF(D50="X",1,0) -> 0
C51: MEDIOS ALTERNATIVOS | D51: x | K51: =IF(D51="X",1,0) -> 1
B52: Valoración de la experiencia acreditada mediante el presente contrato | F52: =IF(F47="","PENDIENTE",IF(F46="","PENDIENTE",IF(F45="","PENDIENTE",IF(F44="","PENDIENTE",IF(F43="","PENDIENTE",IF(F39="","PENDIENTE",IF(F47="NO CUMPLE","NO CUMPLE",IF(F46="NO CUMPLE","NO CUMPLE",IF(F45="NO CUMPLE","NO CUMPLE",IF(F44="NO CUMPLE","NO CUMPLE",(IF(F43="NO CUMPLE","NO CUMPLE",IF(F39="NO CUMPLE","NO CUMPLE","CUMPLE"))))))))))))) -> CUMPLE | H52: NO | K52: =SUM(K47:K51) -> 4
B54: Contrato 3 - | C54: GRUPO ONE S.A.S.
B55: Objeto: | C55: Manejo Integral de la pauta de las campañas publicitarias (prensa-Radio-Televisión Nacional, Televisión Regional, revistas), medios digitales y alternativos de comunicación
B56: Contratante: | C56: Organización cardenas S.A.S.
B57: Porcentaje de Participación Consorcios /UT: | C57: 1
C58: Requisito | D58: Acreditado | E58: Consecutivo RUP | F58: Cumple/No cumple | G58: Observaciones
B59: Códigos del Clasificador de Bienes y Servicios | C59: 82101500 | F59: =IF(K63>=1,"CUMPLE","NO CUMPLE") -> CUMPLE | J59: x | K59: =IF(D59="X",1,0) -> 0
C60: 82101600 | D60: x | E60: 28 | K60: =IF(D60="X",1,0) -> 1
C61: 82101800 | D61: x | E61: 28 | K61: =IF(D61="X",1,0) -> 1
C62: 82101900 | D62: x | E62: 28 | K62: =IF(D62="X",1,0) -> 1
B63: Fecha de suscripción del contrato | D63: 43066 | F63: =IF(D63="","NO CUMPLE","CUMPLE") -> CUMPLE | H63: =YEAR(D63) -> 2017 | K63: =SUM(K59:K62) -> 3
B64: Valor del proyecto o contrato | D64: 829245771 | F64: =IF(D64="","NO CUMPLE","CUMPLE") -> CUMPLE
B65: Fecha de terminación del contrato | D65: 43093 | F65: =IF(D65="","",IF(OR(D65>$C$5,D65<$K$25,),"NO CUMPLE","CUMPLE")) -> CUMPLE | K65: 41846
B66: SMMLV - a la fecha de suscripción del contrato | D66: =IFERROR((D64/(VLOOKUP(H63,Hoja1!$A$9:$C$44,3,0)))*C57,"PENDIENTE") -> 1124.0703 | F66: =IF(D66=0,"NO CUMPLE","CUMPLE") -> CUMPLE
B67: TIPO DE PLAN DE MEDIOS ACREDITADO | C67: RADIO | D67: x | F67: =IF(K72>=1,"CUMPLE","NO CUMPLE") -> CUMPLE | J67: x | K67: =IF(D67="X",1,0) -> 1
C68: PRENSA | D68: x | K68: =IF(D68="X",1,0) -> 1
C69: TELEVISIÓN | D69: x | K69: =IF(D69="X",1,0) -> 1
C70: DIGITALES | D70: x | K70: =IF(D70="X",1,0) -> 1
C71: MEDIOS ALTERNATIVOS | D71: x | K71: =IF(D71="X",1,0) -> 1
B72: Valoración de la experiencia acreditada mediante el presente contrato | F72: =IF(F67="","PENDIENTE",IF(F66="","PENDIENTE",IF(F65="","PENDIENTE",IF(F64="","PENDIENTE",IF(F63="","PENDIENTE",IF(F59="","PENDIENTE",IF(F67="NO CUMPLE","NO CUMPLE",IF(F66="NO CUMPLE","NO CUMPLE",IF(F65="NO CUMPLE","NO CUMPLE",IF(F64="NO CUMPLE","NO CUMPLE",(IF(F63="NO CUMPLE","NO CUMPLE",IF(F59="NO CUMPLE","NO CUMPLE","CUMPLE"))))))))))))) -> CUMPLE | H72: NO | K72: =SUM(K67:K71) -> 5
B74: Contrato 4 - | C74: GRUPO ONE S.A.S
B75: Objeto: | C75: Manejo Integral de la pauta de las campañas publicitarias (prensa-Radio-Televisión Nacional, Televisión Regional, revistas), medios digitales y alternativos de comunicación
B76: Contratante: | C76: Organización cardenas S.A.S.
B77: Porcentaje de Participación Consorcios /UT: | C77: 1
C78: Requisito | D78: Acreditado | E78: Consecutivo RUP | F78: Cumple/No cumple | G78: Observaciones
B79: Códigos del Clasificador de Bienes y Servicios | C79: 82101500 | F79: =IF(K83>=1,"CUMPLE","NO CUMPLE") -> CUMPLE | J79: x | K79: =IF(D79="X",1,0) -> 0
C80: 82101600 | D80: x | E80: 35 | K80: =IF(D80="X",1,0) -> 1
C81: 82101800 | D81: x | E81: 35 | K81: =IF(D81="X",1,0) -> 1
C82: 82101900 | D82: x | E82: 35 | K82: =IF(D82="X",1,0) -> 1
B83: Fecha de suscripción del contrato | D83: 43419 | F83: =IF(D83="","NO CUMPLE","CUMPLE") -> CUMPLE | H83: =YEAR(D83) -> 2018 | K83: =SUM(K79:K82) -> 3
B84: Valor del proyecto o contrato | D84: 238561492 | F84: =IF(D84="","NO CUMPLE","CUMPLE") -> CUMPLE
B85: Fecha de terminación del contrato | D85: 43458 | F85: =IF(D85="","",IF(OR(D85>$C$5,D85<$K$25,),"NO CUMPLE","CUMPLE")) -> CUMPLE | K85: 41846
B86: SMMLV - a la fecha de suscripción del contrato | D86: =IFERROR((D84/(VLOOKUP(H83,Hoja1!$A$9:$C$44,3,0)))*C77,"PENDIENTE") -> 305.36184 | F86: =IF(D86=0,"NO CUMPLE","CUMPLE") -> CUMPLE
B87: TIPO DE PLAN DE MEDIOS ACREDITADO | C87: RADIO | D87: x | F87: =IF(K92>=1,"CUMPLE","NO CUMPLE") -> CUMPLE | J87: x | K87: =IF(D87="X",1,0) -> 1
C88: PRENSA | D88: x | K88: =IF(D88="X",1,0) -> 1
C89: TELEVISIÓN | D89: x | K89: =IF(D89="X",1,0) -> 1
C90: DIGITALES | D90: x | K90: =IF(D90="X",1,0) -> 1
C91: MEDIOS ALTERNATIVOS | D91: x | K91: =IF(D91="X",1,0) -> 1
B92: Valoración de la experiencia acreditada mediante el presente contrato | F92: =IF(F87="","PENDIENTE",IF(F86="","PENDIENTE",IF(F85="","PENDIENTE",IF(F84="","PENDIENTE",IF(F83="","PENDIENTE",IF(F79="","PENDIENTE",IF(F87="NO CUMPLE","NO CUMPLE",IF(F86="NO CUMPLE","NO CUMPLE",IF(F85="NO CUMPLE","NO CUMPLE",IF(F84="NO CUMPLE","NO CUMPLE",(IF(F83="NO CUMPLE","NO CUMPLE",IF(F79="NO CUMPLE","NO CUMPLE","CUMPLE"))))))))))))) -> CUMPLE | H92: NO | K92: =SUM(K87:K91) -> 5
B94: Contrato 5 - | C94: GRUPO ONE S.A.S.
B95: Objeto: | C95: Manejo Integral de la pauta de las campañas publicitarias (prensa-Radio-Televisión Nacional, Televisión Regional, revistas), medios digitales y alternativos de comunicación
B96: Contratante: | C96: Organización Cardenas S.A.S.
B97: Porcentaje de Participación Consorcios /UT: | C97: 1
C98: Requisito | D98: Acreditado | E98: Consecutivo RUP | F98: Cumple/No cumple | G98: Observaciones
B99: Códigos del Clasificador de Bienes y Servicios | C99: 82101500 | F99: =IF(K103>=1,"CUMPLE","NO CUMPLE") -> CUMPLE | G99: EN El formato N°2 SE REGISTRO EL CONSECUTIVO NUMERO 8. SIENDO EL CORRECTO EL CONSECUTIVO NÚMERO 9 | J99: x | K99: =IF(D99="X",1,0) -> 0
C100: 82101600 | D100: x | E100: 9 | K100: =IF(D100="X",1,0) -> 1
C101: 82101800 | D101: x | E101: 9 | K101: =IF(D101="X",1,0) -> 1
C102: 82101900 | D102: x | E102: 9 | K102: =IF(D102="X",1,0) -> 1
B103: Fecha de suscripción del contrato | D103: 42697 | F103: =IF(D103="","NO CUMPLE","CUMPLE") -> CUMPLE | H103: =YEAR(D103) -> 2016 | K103: =SUM(K99:K102) -> 3
B104: Valor del proyecto o contrato | D104: 746748696 | F104: =IF(D104="","NO CUMPLE","CUMPLE") -> CUMPLE
B105: Fecha de terminación del contrato | D105: 42728 | F105: =IF(D105="","",IF(OR(D105>$C$5,D105<$K$25,),"NO CUMPLE","CUMPLE")) -> CUMPLE | K105: 41846
B106: SMMLV - a la fecha de suscripción del contrato | D106: =IFERROR((D104/(VLOOKUP(H103,Hoja1!$A$9:$C$44,3,0)))*C97,"PENDIENTE") -> 1083.1 | F106: =IF(D106=0,"NO CUMPLE","CUMPLE") -> CUMPLE
B107: TIPO DE PLAN DE MEDIOS ACREDITADO | C107: RADIO | D107: x | F107: =IF(K112>=1,"CUMPLE","NO CUMPLE") -> CUMPLE | J107: x | K107: =IF(D107="X",1,0) -> 1 | M107: =IF(F32="CUMPLE",1,0) -> 1
C108: PRENSA | D108: x | K108: =IF(D108="X",1,0) -> 1 | M108: =IF(F52="CUMPLE",1,0) -> 1
...

Sheet PROPONENTE (9)
B3: NOMBRE DEL PROPONENTE: | C3: BIG MEDIA PUBLICIDAD S.A.S.
B4: “PRESTAR LOS SERVICIOS PARA DESARROLLAR PLANES DE MEDIOS DE LAS ESTRATEGIAS DE COMUNICACIÓN DEFINIDAS POR LA SECRETARÍA DISTRITAL DE SEGURIDAD, CONVIVENCIA Y JUSTICIA DE BOGOTÁ, CON EL FIN DE PROMOCIONAR TODOS LOS SERVICIOS Y PROGRAMAS QUE TIENE LA ENTIDAD”
B5: FECHA DE CIERRE DEL PROCESO | C5: 43672
B6: PRESUPUESTO OFICIAL: | C6: 900000000
B7: PRESUPUESTO OFICIAL EN SMMLV | C7: =C6/Hoja1!C44 -> 1086.8043
B9: Columna1 | C9: Columna2 | D9: Columna3 | E9: Columna4 | F9: Columna5 | G9: Columna6
B10: 3.6 REQUISITOS HABILITANTES TÉCNICOS
B11: 3.6.1 EXPERIENCIA DEL PROPONENTE
B13: NOMBRE DEL PROPONENTE: | C13: =C3 -> BIG MEDIA PUBLICIDAD S.A.S.
B14: Contrato 1 - | C14: BIG MEDIA PUBLICIDAD S.A.S. (00011)
B15: Objeto: | C15: Prestar el servicio de desarrollo de campañas publicitarias, a través de la elaboración, diseño, negociación y ejecución de planes de medios a nivel nacional y regional, en el cual se incluyen publicaciones de avisos en prensa, revistas, televisiónnacional, regional y por suscripción, cuñas radiales, publicidad exterior, medios digitales, suscripciones y en general todos los medios de comunicación ATL y BTL, así como la asesoría, planificación, producción, postproducción e investigación de medios.
B16: Contratante: | C16: Compañía Manufacturera Manisol S.A.
B17: Porcentaje de Participación Consorcios /UT: | C17: 1
C18: Requisito | D18: Acreditado | E18: Consecutivo RUP | F18: Cumple/No cumple | G18: Observaciones
B19: Códigos del Clasificador de Bienes y Servicios | C19: 82101500 | D19: x | E19: 5 | F19: =IF(K23>=1,"CUMPLE","NO CUMPLE") -> CUMPLE | J19: x | K19: =IF(D19="X",1,0) -> 1
C20: 82101600 | D20: x | E20: 5 | K20: =IF(D20="X",1,0) -> 1
C21: 82101800 | D21: x | E21: 5 | K21: =IF(D21="X",1,0) -> 1
C22: 82101900 | D22: x | E22: 5 | K22: =IF(D22="X",1,0) -> 1
B23: Fecha de suscripción del contrato | D23: 42374 | E23: 0.05 | F23: =IF(D23="","NO CUMPLE","CUMPLE") -> CUMPLE | H23: =YEAR(D23) -> 2016 | K23: =SUM(K19:K22) -> 4
B24: Valor del proyecto o contrato | D24: 1955432759 | F24: =IF(D24="","NO CUMPLE","CUMPLE") -> CUMPLE
B25: Fecha de terminación del contrato | D25: 43465 | F25: =IF(D25="","",IF(OR(D25>$C$5,D25<$K$25,),"NO CUMPLE","CUMPLE")) -> CUMPLE | K25: 41846
B26: SMMLV - a la fecha de suscripción del contrato | D26: =IFERROR((D24/(VLOOKUP(H23,Hoja1!$A$9:$C$44,3,0)))*C17,"PENDIENTE") -> 2836.2007 | F26: =IF(D26=0,"NO CUMPLE","CUMPLE") -> CUMPLE
B27: TIPO DE PLAN DE MEDIOS ACREDITADO | C27: RADIO | D27: x | F27: =IF(K32>=1,"CUMPLE","NO CUMPLE") -> CUMPLE | J27: x | K27: =IF(D27="X",1,0) -> 1
C28: PRENSA | D28: x | K28: =IF(D28="X",1,0) -> 1
C29: TELEVISIÓN | D29: x | K29: =IF(D29="X",1,0) -> 1
C30: DIGITALES | K30: =IF(D30="X",1,0) -> 0
C31: MEDIOS ALTERNATIVOS | D31: x | K31: =IF(D31="X",1,0) -> 1
B32: Valoración de la experiencia acreditada mediante el presente contrato | F32: =IF(F27="","PENDIENTE",IF(F26="","PENDIENTE",IF(F25="","PENDIENTE",IF(F24="","PENDIENTE",IF(F23="","PENDIENTE",IF(F19="","PENDIENTE",IF(F27="NO CUMPLE","NO CUMPLE",IF(F26="NO CUMPLE","NO CUMPLE",IF(F25="NO CUMPLE","NO CUMPLE",IF(F24="NO CUMPLE","NO CUMPLE",(IF(F23="NO CUMPLE","NO CUMPLE",IF(F19="NO CUMPLE","NO CUMPLE","CUMPLE"))))))))))))) -> CUMPLE | H32: NO | K32: =SUM(K27:K31) -> 4
B34: Contrato 2 | C34: BIG MEDIA PUBLICIDAD S.A.S.
B35: Objeto: | C35: Prestar el servicio de agencia y/o central de medios para la producción, negociación y ejecución de planes de medios a nivel nacional y regional, en los cuales se incluyen publicaciones de avisos en prensa, revistas, televisión nacional, regional y por suscripción, cuñas radiales, publicidad exterior, medios digitales, suscripciones en general todos los medios de comunicación ATL y BTL, así como la asesoría, planificación, producción, postproducción e investigación de medios
B36: Contratante: | C36: OUR BAG S.A.S BOOTS" BAGS
B37: Porcentaje de Participación Consorcios /UT: | C37: 1
C38: Requisito | D38: Acreditado | E38: Consecutivo RUP | F38: Cumple/No cumple | G38: Observaciones
B39: Códigos del Clasificador de Bienes y Servicios | C39: 82101500 | D39: x | E39: 6 | F39: =IF(K43>=1,"CUMPLE","NO CUMPLE") -> CUMPLE | J39: x | K39: =IF(D39="X",1,0) -> 1
C40: 82101600 | D40: x | E40: 6 | K40: =IF(D40="X",1,0) -> 1
C41: 82101800 | D41: x | E41: 6 | K41: =IF(D41="X",1,0) -> 1
C42: 82101900 | D42: x | E42: 6 | K42: =IF(D42="X",1,0) -> 1
B43: Fecha de suscripción del contrato | D43: 42380 | F43: =IF(D43="","NO CUMPLE","CUMPLE") -> CUMPLE | H43: =YEAR(D43) -> 2016 | K43: =SUM(K39:K42) -> 4
B44: Valor del proyecto o contrato | D44: 1736900128 | F44: =IF(D44="","NO CUMPLE","CUMPLE") -> CUMPLE
B45: Fecha de terminación del contrato | D45: 43465 | F45: =IF(D45="","",IF(OR(D45>$C$5,D45<$K$25,),"NO CUMPLE","CUMPLE")) -> CUMPLE | K45: 41846
B46: SMMLV - a la fecha de suscripción del contrato | D46: =IFERROR((D44/(VLOOKUP(H43,Hoja1!$A$9:$C$44,3,0)))*C37,"PENDIENTE") -> 2519.2364 | F46: =IF(D46=0,"NO CUMPLE","CUMPLE") -> CUMPLE
B47: TIPO DE PLAN DE MEDIOS ACREDITADO | C47: RADIO | D47: x | F47: =IF(K52>=1,"CUMPLE","NO CUMPLE") -> CUMPLE | J47: x | K47: =IF(D47="X",1,0) -> 1
C48: PRENSA | D48: x | K48: =IF(D48="X",1,0) -> 1
C49: TELEVISIÓN | D49: x | K49: =IF(D49="X",1,0) -> 1
C50: DIGITALES | D50: x | K50: =IF(D50="X",1,0) -> 1
C51: MEDIOS ALTERNATIVOS | K51: =IF(D51="X",1,0) -> 0
B52: Valoración de la experiencia acreditada mediante el presente contrato | F52: =IF(F47="","PENDIENTE",IF(F46="","PENDIENTE",IF(F45="","PENDIENTE",IF(F44="","PENDIENTE",IF(F43="","PENDIENTE",IF(F39="","PENDIENTE",IF(F47="NO CUMPLE","NO CUMPLE",IF(F46="NO CUMPLE","NO CUMPLE",IF(F45="NO CUMPLE","NO CUMPLE",IF(F44="NO CUMPLE","NO CUMPLE",(IF(F43="NO CUMPLE","NO CUMPLE",IF(F39="NO CUMPLE","NO CUMPLE","CUMPLE"))))))))))))) -> CUMPLE | H52: NO | K52: =SUM(K47:K51) -> 4
B54: Contrato 3 - | C54: nombre del proponente o miembro de la estructura plural que aporta la experiencia.
B55: Objeto: | C55: OBJETO DEL CONTRATO
B56: Contratante:
B57: Porcentaje de Participación Consorcios /UT: | C57: 1
C58: Requisito | D58: Acreditado | E58: Consecutivo RUP | F58: Cumple/No cumple | G58: Observaciones
B59: Códigos del Clasificador de Bienes y Servicios | C59: 82101500 | F59: =IF(K63>=1,"CUMPLE","NO CUMPLE") -> NO CUMPLE | J59: x | K59: =IF(D59="X",1,0) -> 0
C60: 82101600 | K60: =IF(D60="X",1,0) -> 0
C61: 82101800 | K61: =IF(D61="X",1,0) -> 0
C62: 82101900 | K62: =IF(D62="X",1,0) -> 0
B63: Fecha de suscripción del contrato | F63: =IF(D63="","NO CUMPLE","CUMPLE") -> NO CUMPLE | H63: =YEAR(D63) -> 1900 | K63: =SUM(K59:K62) -> 0
B64: Valor del proyecto o contrato | F64: =IF(D64="","NO CUMPLE","CUMPLE") -> NO CUMPLE
B65: Fecha de terminación del contrato | F65: =IF(D65="","",IF(OR(D65>$C$5,D65<$K$25,),"NO CUMPLE","CUMPLE")) | K65: 41846
B66: SMMLV - a la fecha de suscripción del contrato | D66: =IFERROR((D64/(VLOOKUP(H63,Hoja1!$A$9:$C$44,3,0)))*C57,"PENDIENTE") -> PENDIENTE | F66: =IF(D66=0,"NO CUMPLE","CUMPLE") -> CUMPLE
B67: TIPO DE PLAN DE MEDIOS ACREDITADO | C67: RADIO | F67: =IF(K72>=1,"CUMPLE","NO CUMPLE") -> NO CUMPLE | J67: x | K67: =IF(D67="X",1,0) -> 0
C68: PRENSA | K68: =IF(D68="X",1,0) -> 0
C69: TELEVISIÓN | K69: =IF(D69="X",1,0) -> 0
C70: DIGITALES | K70: =IF(D70="X",1,0) -> 0
C71: MEDIOS ALTERNATIVOS | K71: =IF(D71="X",1,0) -> 0
B72: Valoración de la experiencia acreditada mediante el presente contrato | F72: =IF(F67="","PENDIENTE",IF(F66="","PENDIENTE",IF(F65="","PENDIENTE",IF(F64="","PENDIENTE",IF(F63="","PENDIENTE",IF(F59="","PENDIENTE",IF(F67="NO CUMPLE","NO CUMPLE",IF(F66="NO CUMPLE","NO CUMPLE",IF(F65="NO CUMPLE","NO CUMPLE",IF(F64="NO CUMPLE","NO CUMPLE",(IF(F63="NO CUMPLE","NO CUMPLE",IF(F59="NO CUMPLE","NO CUMPLE","CUMPLE"))))))))))))) -> PENDIENTE | H72: NO | K72: =SUM(K67:K71) -> 0
B74: Contrato 4 - | C74: nombre del proponente o miembro de la estructura plural que aporta la experiencia.
B75: Objeto: | C75: OBJETO DEL CONTRATO
B76: Contratante:
B77: Porcentaje de Participación Consorcios /UT: | C77: 1
C78: Requisito | D78: Acreditado | E78: Consecutivo RUP | F78: Cumple/No cumple | G78: Observaciones
B79: Códigos del Clasificador de Bienes y Servicios | C79: 82101500 | F79: =IF(K83>=1,"CUMPLE","NO CUMPLE") -> NO CUMPLE | J79: x | K79: =IF(D79="X",1,0) -> 0
C80: 82101600 | K80: =IF(D80="X",1,0) -> 0
C81: 82101800 | K81: =IF(D81="X",1,0) -> 0
C82: 82101900 | K82: =IF(D82="X",1,0) -> 0
B83: Fecha de suscripción del contrato | F83: =IF(D83="","NO CUMPLE","CUMPLE") -> NO CUMPLE | H83: =YEAR(D83) -> 1900 | K83: =SUM(K79:K82) -> 0
B84: Valor del proyecto o contrato | F84: =IF(D84="","NO CUMPLE","CUMPLE") -> NO CUMPLE
B85: Fecha de terminación del contrato | F85: =IF(D85="","",IF(OR(D85>$C$5,D85<$K$25,),"NO CUMPLE","CUMPLE")) | K85: 41846
B86: SMMLV - a la fecha de suscripción del contrato | D86: =IFERROR((D84/(VLOOKUP(H83,Hoja1!$A$9:$C$44,3,0)))*C77,"PENDIENTE") -> PENDIENTE | F86: =IF(D86=0,"NO CUMPLE","CUMPLE") -> CUMPLE
B87: TIPO DE PLAN DE MEDIOS ACREDITADO | C87: RADIO | F87: =IF(K92>=1,"CUMPLE","NO CUMPLE") -> NO CUMPLE | J87: x | K87: =IF(D87="X",1,0) -> 0
C88: PRENSA | K88: =IF(D88="X",1,0) -> 0
C89: TELEVISIÓN | K89: =IF(D89="X",1,0) -> 0
C90: DIGITALES | K90: =IF(D90="X",1,0) -> 0
C91: MEDIOS ALTERNATIVOS | K91: =IF(D91="X",1,0) -> 0
B92: Valoración de la experiencia acreditada mediante el presente contrato | F92: =IF(F87="","PENDIENTE",IF(F86="","PENDIENTE",IF(F85="","PENDIENTE",IF(F84="","PENDIENTE",IF(F83="","PENDIENTE",IF(F79="","PENDIENTE",IF(F87="NO CUMPLE","NO CUMPLE",IF(F86="NO CUMPLE","NO CUMPLE",IF(F85="NO CUMPLE","NO CUMPLE",IF(F84="NO CUMPLE","NO CUMPLE",(IF(F83="NO CUMPLE","NO CUMPLE",IF(F79="NO CUMPLE","NO CUMPLE","CUMPLE"))))))))))))) -> PENDIENTE | H92: NO | K92: =SUM(K87:K91) -> 0
B94: Contrato 5 - | C94: nombre del proponente o miembro de la estructura plural que aporta la experiencia.
B95: Objeto: | C95: OBJETO DEL CONTRATO
B96: Contratante:
B97: Porcentaje de Participación Consorcios /UT: | C97: 1
C98: Requisito | D98: Acreditado | E98: Consecutivo RUP | F98: Cumple/No cumple | G98: Observaciones
B99: Códigos del Clasificador de Bienes y Servicios | C99: 82101500 | F99: =IF(K103>=1,"CUMPLE","NO CUMPLE") -> NO CUMPLE | J99: x | K99: =IF(D99="X",1,0) -> 0
C100: 82101600 | K100: =IF(D100="X",1,0) -> 0
C101: 82101800 | K101: =IF(D101="X",1,0) -> 0
C102: 82101900 | K102: =IF(D102="X",1,0) -> 0
B103: Fecha de suscripción del contrato | F103: =IF(D103="","NO CUMPLE","CUMPLE") -> NO CUMPLE | H103: =YEAR(D103) -> 1900 | K103: =SUM(K99:K102) -> 0
B104: Valor del proyecto o contrato | F104: =IF(D104="","NO CUMPLE","CUMPLE") -> NO CUMPLE
B105: Fecha de terminación del contrato | F105: =IF(D105="","",IF(OR(D105>$C$5,D105<$K$25,),"NO CUMPLE","CUMPLE")) | K105: 41846
B106: SMMLV - a la fecha de suscripción del contrato | D106: =IFERROR((D104/(VLOOKUP(H103,Hoja1!$A$9:$C$44,3,0)))*C97,"PENDIENTE") -> PENDIENTE | F106: =IF(D106=0,"NO CUMPLE","CUMPLE") -> CUMPLE
B107: TIPO DE PLAN DE MEDIOS ACREDITADO | C107: RADIO | F107: =IF(K112>=1,"CUMPLE","NO CUMPLE") -> NO CUMPLE | J107: x | K107: =IF(D107="X",1,0) -> 0 | M107: =IF(F32="CUMPLE",1,0) -> 1
C108: PRENSA | K108: =IF(D108="X",1,0) -> 0 | M108: =IF(F52="CUMPLE",1,0) -> 1
...

Sheet PROPONENTE (8)
B3: NOMBRE DEL PROPONENTE: | C3: LINKTIC S.A.S.
B4: “PRESTAR LOS SERVICIOS PARA DESARROLLAR PLANES DE MEDIOS DE LAS ESTRATEGIAS DE COMUNICACIÓN DEFINIDAS POR LA SECRETARÍA DISTRITAL DE SEGURIDAD, CONVIVENCIA Y JUSTICIA DE BOGOTÁ, CON EL FIN DE PROMOCIONAR TODOS LOS SERVICIOS Y PROGRAMAS QUE TIENE LA ENTIDAD”
B5: FECHA DE CIERRE DEL PROCESO | C5: 43672
B6: PRESUPUESTO OFICIAL: | C6: 900000000
B7: PRESUPUESTO OFICIAL EN SMMLV | C7: =C6/Hoja1!C44 -> 1086.8043
B9: Columna1 | C9: Columna2 | D9: Columna3 | E9: Columna4 | F9: Columna5 | G9: Columna6
B10: 3.6 REQUISITOS HABILITANTES TÉCNICOS
B11: 3.6.1 EXPERIENCIA DEL PROPONENTE
B13: NOMBRE DEL PROPONENTE: | C13: =C3 -> LINKTIC S.A.S.
B14: Contrato 1 - | C14: LINKTIC S.A.S.
B15: Objeto: | C15: Desarrollo de software, soporte y mantenimiento e Integración de plataformas BI y diseño e implementación de planes de medios
B16: Contratante: | C16: PREPACOL S.A.S
B17: Porcentaje de Participación Consorcios /UT: | C17: 1
C18: Requisito | D18: Acreditado | E18: Consecutivo RUP | F18: Cumple/No cumple | G18: Observaciones
B19: Códigos del Clasificador de Bienes y Servicios | C19: 82101500 | D19: x | E19: 73 | F19: =IF(K23>=1,"CUMPLE","NO CUMPLE") -> CUMPLE | J19: x | K19: =IF(D19="X",1,0) -> 1
C20: 82101600 | D20: x | E20: 73 | K20: =IF(D20="X",1,0) -> 1
C21: 82101800 | D21: x | E21: 73 | K21: =IF(D21="X",1,0) -> 1
C22: 82101900 | D22: x | E22: 73 | K22: =IF(D22="X",1,0) -> 1
B23: Fecha de suscripción del contrato | D23: 43088 | F23: =IF(D23="","NO CUMPLE","CUMPLE") -> CUMPLE | H23: =YEAR(D23) -> 2017 | K23: =SUM(K19:K22) -> 4
B24: Valor del proyecto o contrato | D24: 2050000000 | F24: =IF(D24="","NO CUMPLE","CUMPLE") -> CUMPLE
B25: Fecha de terminación del contrato | D25: 43453 | F25: =IF(D25="","",IF(OR(D25>$C$5,D25<$K$25,),"NO CUMPLE","CUMPLE")) -> CUMPLE | K25: 41846
B26: SMMLV - a la fecha de suscripción del contrato | D26: =IFERROR((D24/(VLOOKUP(H23,Hoja1!$A$9:$C$44,3,0)))*C17,"PENDIENTE") -> 2778.8434 | F26: =IF(D26=0,"NO CUMPLE","CUMPLE") -> CUMPLE
B27: TIPO DE PLAN DE MEDIOS ACREDITADO | C27: RADIO | F27: =IF(K32>=1,"CUMPLE","NO CUMPLE") -> CUMPLE | J27: x | K27: =IF(D27="X",1,0) -> 0
C28: PRENSA | K28: =IF(D28="X",1,0) -> 0
C29: TELEVISIÓN | K29: =IF(D29="X",1,0) -> 0
C30: DIGITALES | D30: x | K30: =IF(D30="X",1,0) -> 1
C31: MEDIOS ALTERNATIVOS | D31: x | K31: =IF(D31="X",1,0) -> 1
B32: Valoración de la experiencia acreditada mediante el presente contrato | F32: =IF(F27="","PENDIENTE",IF(F26="","PENDIENTE",IF(F25="","PENDIENTE",IF(F24="","PENDIENTE",IF(F23="","PENDIENTE",IF(F19="","PENDIENTE",IF(F27="NO CUMPLE","NO CUMPLE",IF(F26="NO CUMPLE","NO CUMPLE",IF(F25="NO CUMPLE","NO CUMPLE",IF(F24="NO CUMPLE","NO CUMPLE",(IF(F23="NO CUMPLE","NO CUMPLE",IF(F19="NO CUMPLE","NO CUMPLE","CUMPLE"))))))))))))) -> CUMPLE | H32: NO | K32: =SUM(K27:K31) -> 2
B34: Contrato 2 | C34: LINKTIC S.A.S.
B35: Objeto: | C35: La prestación de los servicios civiles por parte de la sociedad LINKTIC S.A.S., para la asesoría en el manejo y monitoreo de Medios, Publicidad, Mercadeo y la presentación de una estrategia en marketing digital, desarrollo, implementación y manejo del sitio web; servicios que se prestan según el desarrollo de la actividad comercial del CONTRATANTE, y en los términos y condiciones estipulados en la propuesta comercial presentada por parte del Contratista – LINKTIC S.A.S.
B36: Contratante: | C36: MI ÁGUILA GROUP S.A.S.
B37: Porcentaje de Participación Consorcios /UT: | C37: 1
C38: Requisito | D38: Acreditado | E38: Consecutivo RUP | F38: Cumple/No cumple | G38: Observaciones
B39: Códigos del Clasificador de Bienes y Servicios | C39: 82101500 | D39: x | E39: 29 | F39: =IF(K43>=1,"CUMPLE","NO CUMPLE") -> CUMPLE | G39: Dentro del escrito de subsanación de requisitos habilitantes, el proponente allega la certificación de un segundo contrato suscrito con la sociedad MI AGUILA GROUP S.A.S. Así mismo, adjunta el Formato No. 2 debidamente diligenciado | J39: x | K39: =IF(D39="X",1,0) -> 1
C40: 82101600 | D40: x | E40: 29 | K40: =IF(D40="X",1,0) -> 1
C41: 82101800 | D41: x | E41: 29 | K41: =IF(D41="X",1,0) -> 1
C42: 82101900 | D42: x | E42: 29 | K42: =IF(D42="X",1,0) -> 1
B43: Fecha de suscripción del contrato | D43: 42095 | F43: =IF(D43="","NO CUMPLE","CUMPLE") -> CUMPLE | H43: =YEAR(D43) -> 2015 | K43: =SUM(K39:K42) -> 4
B44: Valor del proyecto o contrato | D44: 237000000 | F44: =IF(D44="","NO CUMPLE","CUMPLE") -> CUMPLE
B45: Fecha de terminación del contrato | D45: 42353 | F45: =IF(D45="","",IF(OR(D45>$C$5,D45<$K$25,),"NO CUMPLE","CUMPLE")) -> CUMPLE | K45: 41846
B46: SMMLV - a la fecha de suscripción del contrato | D46: =IFERROR((D44/(VLOOKUP(H43,Hoja1!$A$9:$C$44,3,0)))*C37,"PENDIENTE") -> 367.81252 | F46: =IF(D46=0,"NO CUMPLE","CUMPLE") -> CUMPLE
B47: TIPO DE PLAN DE MEDIOS ACREDITADO | C47: RADIO | F47: =IF(K52>=1,"CUMPLE","NO CUMPLE") -> CUMPLE | J47: x | K47: =IF(D47="X",1,0) -> 0
C48: PRENSA | K48: =IF(D48="X",1,0) -> 0
C49: TELEVISIÓN | K49: =IF(D49="X",1,0) -> 0
C50: DIGITALES | D50: x | K50: =IF(D50="X",1,0) -> 1
C51: MEDIOS ALTERNATIVOS | K51: =IF(D51="X",1,0) -> 0
B52: Valoración de la experiencia acreditada mediante el presente contrato | F52: =IF(F47="","PENDIENTE",IF(F46="","PENDIENTE",IF(F45="","PENDIENTE",IF(F44="","PENDIENTE",IF(F43="","PENDIENTE",IF(F39="","PENDIENTE",IF(F47="NO CUMPLE","NO CUMPLE",IF(F46="NO CUMPLE","NO CUMPLE",IF(F45="NO CUMPLE","NO CUMPLE",IF(F44="NO CUMPLE","NO CUMPLE",(IF(F43="NO CUMPLE","NO CUMPLE",IF(F39="NO CUMPLE","NO CUMPLE","CUMPLE"))))))))))))) -> CUMPLE | H52: NO | K52: =SUM(K47:K51) -> 1
B54: Contrato 3 - | C54: nombre del proponente o miembro de la estructura plural que aporta la experiencia.
B55: Objeto: | C55: OBJETO DEL CONTRATO
B56: Contratante:
B57: Porcentaje de Participación Consorcios /UT: | C57: 1
C58: Requisito | D58: Acreditado | E58: Consecutivo RUP | F58: Cumple/No cumple | G58: Observaciones
B59: Códigos del Clasificador de Bienes y Servicios | C59: 82101500 | F59: =IF(K63>=1,"CUMPLE","NO CUMPLE") -> NO CUMPLE | J59: x | K59: =IF(D59="X",1,0) -> 0
C60: 82101600 | K60: =IF(D60="X",1,0) -> 0
C61: 82101800 | K61: =IF(D61="X",1,0) -> 0
C62: 82101900 | K62: =IF(D62="X",1,0) -> 0
B63: Fecha de suscripción del contrato | F63: =IF(D63="","NO CUMPLE","CUMPLE") -> NO CUMPLE | H63: =YEAR(D63) -> 1900 | K63: =SUM(K59:K62) -> 0
B64: Valor del proyecto o contrato | F64: =IF(D64="","NO CUMPLE","CUMPLE") -> NO CUMPLE
B65: Fecha de terminación del contrato | F65: =IF(D65="","",IF(OR(D65>$C$5,D65<$K$25,),"NO CUMPLE","CUMPLE")) | K65: 41846
B66: SMMLV - a la fecha de suscripción del contrato | D66: =IFERROR((D64/(VLOOKUP(H63,Hoja1!$A$9:$C$44,3,0)))*C57,"PENDIENTE") -> PENDIENTE | F66: =IF(D66=0,"NO CUMPLE","CUMPLE") -> CUMPLE
B67: TIPO DE PLAN DE MEDIOS ACREDITADO | C67: RADIO | F67: =IF(K72>=1,"CUMPLE","NO CUMPLE") -> NO CUMPLE | J67: x | K67: =IF(D67="X",1,0) -> 0
C68: PRENSA | K68: =IF(D68="X",1,0) -> 0
C69: TELEVISIÓN | K69: =IF(D69="X",1,0) -> 0
C70: DIGITALES | K70: =IF(D70="X",1,0) -> 0
C71: MEDIOS ALTERNATIVOS | K71: =IF(D71="X",1,0) -> 0
B72: Valoración de la experiencia acreditada mediante el presente contrato | F72: =IF(F67="","PENDIENTE",IF(F66="","PENDIENTE",IF(F65="","PENDIENTE",IF(F64="","PENDIENTE",IF(F63="","PENDIENTE",IF(F59="","PENDIENTE",IF(F67="NO CUMPLE","NO CUMPLE",IF(F66="NO CUMPLE","NO CUMPLE",IF(F65="NO CUMPLE","NO CUMPLE",IF(F64="NO CUMPLE","NO CUMPLE",(IF(F63="NO CUMPLE","NO CUMPLE",IF(F59="NO CUMPLE","NO CUMPLE","CUMPLE"))))))))))))) -> PENDIENTE | H72: NO | K72: =SUM(K67:K71) -> 0
B74: Contrato 4 - | C74: nombre del proponente o miembro de la estructura plural que aporta la experiencia.
B75: Objeto: | C75: OBJETO DEL CONTRATO
B76: Contratante:
B77: Porcentaje de Participación Consorcios /UT: | C77: 1
C78: Requisito | D78: Acreditado | E78: Consecutivo RUP | F78: Cumple/No cumple | G78: Observaciones
B79: Códigos del Clasificador de Bienes y Servicios | C79: 82101500 | F79: =IF(K83>=1,"CUMPLE","NO CUMPLE") -> NO CUMPLE | J79: x | K79: =IF(D79="X",1,0) -> 0
C80: 82101600 | K80: =IF(D80="X",1,0) -> 0
C81: 82101800 | K81: =IF(D81="X",1,0) -> 0
C82: 82101900 | K82: =IF(D82="X",1,0) -> 0
B83: Fecha de suscripción del contrato | F83: =IF(D83="","NO CUMPLE","CUMPLE") -> NO CUMPLE | H83: =YEAR(D83) -> 1900 | K83: =SUM(K79:K82) -> 0
B84: Valor del proyecto o contrato | F84: =IF(D84="","NO CUMPLE","CUMPLE") -> NO CUMPLE
B85: Fecha de terminación del contrato | F85: =IF(D85="","",IF(OR(D85>$C$5,D85<$K$25,),"NO CUMPLE","CUMPLE")) | K85: 41846
B86: SMMLV - a la fecha de suscripción del contrato | D86: =IFERROR((D84/(VLOOKUP(H83,Hoja1!$A$9:$C$44,3,0)))*C77,"PENDIENTE") -> PENDIENTE | F86: =IF(D86=0,"NO CUMPLE","CUMPLE") -> CUMPLE
B87: TIPO DE PLAN DE MEDIOS ACREDITADO | C87: RADIO | F87: =IF(K92>=1,"CUMPLE","NO CUMPLE") -> NO CUMPLE | J87: x | K87: =IF(D87="X",1,0) -> 0
C88: PRENSA | K88: =IF(D88="X",1,0) -> 0
C89: TELEVISIÓN | K89: =IF(D89="X",1,0) -> 0
C90: DIGITALES | K90: =IF(D90="X",1,0) -> 0
C91: MEDIOS ALTERNATIVOS | K91: =IF(D91="X",1,0) -> 0
B92: Valoración de la experiencia acreditada mediante el presente contrato | F92: =IF(F87="","PENDIENTE",IF(F86="","PENDIENTE",IF(F85="","PENDIENTE",IF(F84="","PENDIENTE",IF(F83="","PENDIENTE",IF(F79="","PENDIENTE",IF(F87="NO CUMPLE","NO CUMPLE",IF(F86="NO CUMPLE","NO CUMPLE",IF(F85="NO CUMPLE","NO CUMPLE",IF(F84="NO CUMPLE","NO CUMPLE",(IF(F83="NO CUMPLE","NO CUMPLE",IF(F79="NO CUMPLE","NO CUMPLE","CUMPLE"))))))))))))) -> PENDIENTE | H92: NO | K92: =SUM(K87:K91) -> 0
B94: Contrato 5 - | C94: nombre del proponente o miembro de la estructura plural que aporta la experiencia.
B95: Objeto: | C95: OBJETO DEL CONTRATO
B96: Contratante:
B97: Porcentaje de Participación Consorcios /UT: | C97: 1
C98: Requisito | D98: Acreditado | E98: Consecutivo RUP | F98: Cumple/No cumple | G98: Observaciones
B99: Códigos del Clasificador de Bienes y Servicios | C99: 82101500 | F99: =IF(K103>=1,"CUMPLE","NO CUMPLE") -> NO CUMPLE | J99: x | K99: =IF(D99="X",1,0) -> 0
C100: 82101600 | K100: =IF(D100="X",1,0) -> 0
C101: 82101800 | K101: =IF(D101="X",1,0) -> 0
C102: 82101900 | K102: =IF(D102="X",1,0) -> 0
B103: Fecha de suscripción del contrato | F103: =IF(D103="","NO CUMPLE","CUMPLE") -> NO CUMPLE | H103: =YEAR(D103) -> 1900 | K103: =SUM(K99:K102) -> 0
B104: Valor del proyecto o contrato | F104: =IF(D104="","NO CUMPLE","CUMPLE") -> NO CUMPLE
B105: Fecha de terminación del contrato | F105: =IF(D105="","",IF(OR(D105>$C$5,D105<$K$25,),"NO CUMPLE","CUMPLE")) | K105: 41846
B106: SMMLV - a la fecha de suscripción del contrato | D106: =IFERROR((D104/(VLOOKUP(H103,Hoja1!$A$9:$C$44,3,0)))*C97,"PENDIENTE") -> PENDIENTE | F106: =IF(D106=0,"NO CUMPLE","CUMPLE") -> CUMPLE
B107: TIPO DE PLAN DE MEDIOS ACREDITADO | C107: RADIO | F107: =IF(K112>=1,"CUMPLE","NO CUMPLE") -> NO CUMPLE | J107: x | K107: =IF(D107="X",1,0) -> 0 | M107: =IF(F32="CUMPLE",1,0) -> 1
C108: PRENSA | K108: =IF(D108="X",1,0) -> 0 | M108: =IF(F52="CUMPLE",1,0) -> 1
...

Sheet PROPONENTE (7)
B3: NOMBRE DEL PROPONENTE: | C3: UNIÓN TEMPORAL-UT LIFECPM YCENTRAL PROMOTORA DE MEDIOS S.A.S.
B4: “PRESTAR LOS SERVICIOS PARA DESARROLLAR PLANES DE MEDIOS DE LAS ESTRATEGIAS DE COMUNICACIÓN DEFINIDAS POR LA SECRETARÍA DISTRITAL DE SEGURIDAD, CONVIVENCIA Y JUSTICIA DE BOGOTÁ, CON EL FIN DE PROMOCIONAR TODOS LOS SERVICIOS Y PROGRAMAS QUE TIENE LA ENTIDAD”
B5: FECHA DE CIERRE DEL PROCESO | C5: 43672
B6: PRESUPUESTO OFICIAL: | C6: 900000000
B7: PRESUPUESTO OFICIAL EN SMMLV | C7: =C6/Hoja1!C44 -> 1086.8043
B9: Columna1 | C9: Columna2 | D9: Columna3 | E9: Columna4 | F9: Columna5 | G9: Columna6
B10: 3.6 REQUISITOS HABILITANTES TÉCNICOS
B11: 3.6.1 EXPERIENCIA DEL PROPONENTE
B13: NOMBRE DEL PROPONENTE: | C13: =C3 -> UNIÓN TEMPORAL-UT LIFECPM YCENTRAL PROMOTORA DE MEDIOS S.A.S.
B14: Contrato 1 - | C14: CENTRAL PROMOTORA DE MEDIOS S.A.S.
B15: Objeto: | C15: "Contratatar la prestación de servicios para realizar la formulación y puesta en marcha de la estrategía de comunicaciones sobre seguridad víal por medio de comunicados masivos y/ o locales y/o alternativos asi como la estrategía de medios masivos de comunicación a favor de la ANSV"
B16: Contratante: | C16: AGENCIA NACIONAL VÍAL
B17: Porcentaje de Participación Consorcios /UT: | C17: 0.98
C18: Requisito | D18: Acreditado | E18: Consecutivo RUP | F18: Cumple/No cumple | G18: Observaciones
B19: Códigos del Clasificador de Bienes y Servicios | C19: 82101500 | D19: x | E19: 50 | F19: =IF(K23>=1,"CUMPLE","NO CUMPLE") -> CUMPLE | J19: x | K19: =IF(D19="X",1,0) -> 1
C20: 82101600 | D20: x | E20: 50 | K20: =IF(D20="X",1,0) -> 1
C21: 82101800 | D21: x | E21: 50 | K21: =IF(D21="X",1,0) -> 1
C22: 82101900 | D22: x | E22: 50 | K22: =IF(D22="X",1,0) -> 1
B23: Fecha de suscripción del contrato | D23: 42695 | F23: =IF(D23="","NO CUMPLE","CUMPLE") -> CUMPLE | H23: =YEAR(D23) -> 2016 | K23: =SUM(K19:K22) -> 4
B24: Valor del proyecto o contrato | D24: 3746457543 | F24: =IF(D24="","NO CUMPLE","CUMPLE") -> CUMPLE
B25: Fecha de terminación del contrato | D25: 42855 | F25: =IF(D25="","",IF(OR(D25>$C$5,D25<$K$25,),"NO CUMPLE","CUMPLE")) -> CUMPLE | K25: 41846
B26: SMMLV - a la fecha de suscripción del contrato | D26: =IFERROR((D24/(VLOOKUP(H23,Hoja1!$A$9:$C$44,3,0)))*C17,"PENDIENTE") -> 5325.2618 | F26: =IF(D26=0,"NO CUMPLE","CUMPLE") -> CUMPLE
B27: TIPO DE PLAN DE MEDIOS ACREDITADO | C27: RADIO | F27: =IF(K32>=1,"CUMPLE","NO CUMPLE") -> CUMPLE | J27: x | K27: =IF(D27="X",1,0) -> 0
C28: PRENSA | D28: x | K28: =IF(D28="X",1,0) -> 1
C29: TELEVISIÓN | D29: x | K29: =IF(D29="X",1,0) -> 1
C30: DIGITALES | D30: x | K30: =IF(D30="X",1,0) -> 1
C31: MEDIOS ALTERNATIVOS | D31: x | K31: =IF(D31="X",1,0) -> 1
B32: Valoración de la experiencia acreditada mediante el presente contrato | F32: =IF(F27="","PENDIENTE",IF(F26="","PENDIENTE",IF(F25="","PENDIENTE",IF(F24="","PENDIENTE",IF(F23="","PENDIENTE",IF(F19="","PENDIENTE",IF(F27="NO CUMPLE","NO CUMPLE",IF(F26="NO CUMPLE","NO CUMPLE",IF(F25="NO CUMPLE","NO CUMPLE",IF(F24="NO CUMPLE","NO CUMPLE",(IF(F23="NO CUMPLE","NO CUMPLE",IF(F19="NO CUMPLE","NO CUMPLE","CUMPLE"))))))))))))) -> CUMPLE | H32: NO | K32: =SUM(K27:K31) -> 4
B34: Contrato 2 | C34: CENTRAL PROMOTORA DE MEDIOS S.A.S.
B35: Objeto: | C35: Prestación del servicio de central de medios para el desarrollo, ejecución, contratación, evaluación de estrategias de evaluación, plan de medios y ejecución de estrategias de difusión de información de la Alcaldía del Municipio de santiago Cali según ficha EBI 22-038561
B36: Contratante: | C36: Alcaldía del Municipio de Santiago de Cali
B37: Porcentaje de Participación Consorcios /UT: | C37: 0.8
C38: Requisito | D38: Acreditado | E38: Consecutivo RUP | F38: Cumple/No cumple | G38: Observaciones
B39: Códigos del Clasificador de Bienes y Servicios | C39: 82101500 | D39: x | E39: 25 | F39: =IF(K43>=1,"CUMPLE","NO CUMPLE") -> CUMPLE | J39: x | K39: =IF(D39="X",1,0) -> 1
C40: 82101600 | D40: x | E40: 25 | K40: =IF(D40="X",1,0) -> 1
C41: 82101800 | D41: x | E41: 25 | K41: =IF(D41="X",1,0) -> 1
C42: 82101900 | D42: x | E42: 25 | K42: =IF(D42="X",1,0) -> 1
B43: Fecha de suscripción del contrato | D43: 41841 | F43: =IF(D43="","NO CUMPLE","CUMPLE") -> CUMPLE | H43: =YEAR(D43) -> 2014 | K43: =SUM(K39:K42) -> 4
B44: Valor del proyecto o contrato | D44: 3294000000 | F44: =IF(D44="","NO CUMPLE","CUMPLE") -> CUMPLE
B45: Fecha de terminación del contrato | D45: 42004 | F45: =IF(D45="","",IF(OR(D45>$C$5,D45<$K$25,),"NO CUMPLE","CUMPLE")) -> CUMPLE | K45: 41846
B46: SMMLV - a la fecha de suscripción del contrato | D46: =IFERROR((D44/(VLOOKUP(H43,Hoja1!$A$9:$C$44,3,0)))*C37,"PENDIENTE") -> 4277.9221 | F46: =IF(D46=0,"NO CUMPLE","CUMPLE") -> CUMPLE
B47: TIPO DE PLAN DE MEDIOS ACREDITADO | C47: RADIO | D47: x | F47: =IF(K52>=1,"CUMPLE","NO CUMPLE") -> CUMPLE | J47: x | K47: =IF(D47="X",1,0) -> 1
C48: PRENSA | D48: x | K48: =IF(D48="X",1,0) -> 1
C49: TELEVISIÓN | D49: x | K49: =IF(D49="X",1,0) -> 1
C50: DIGITALES | D50: x | K50: =IF(D50="X",1,0) -> 1
C51: MEDIOS ALTERNATIVOS | D51: x | K51: =IF(D51="X",1,0) -> 1
B52: Valoración de la experiencia acreditada mediante el presente contrato | F52: =IF(F47="","PENDIENTE",IF(F46="","PENDIENTE",IF(F45="","PENDIENTE",IF(F44="","PENDIENTE",IF(F43="","PENDIENTE",IF(F39="","PENDIENTE",IF(F47="NO CUMPLE","NO CUMPLE",IF(F46="NO CUMPLE","NO CUMPLE",IF(F45="NO CUMPLE","NO CUMPLE",IF(F44="NO CUMPLE","NO CUMPLE",(IF(F43="NO CUMPLE","NO CUMPLE",IF(F39="NO CUMPLE","NO CUMPLE","CUMPLE"))))))))))))) -> CUMPLE | H52: NO | K52: =SUM(K47:K51) -> 5
B54: Contrato 3 - | C54: CENTRAL PROMOTORA DE MEDIOS S.A.S.
B55: Objeto: | C55: Contratar la prestación de servicios para la emisión de mensajes y colocación de pauta publicitaria en medios masivos alternativos y no tradicionales como respaldo al fortalecimiento de la campaña para crear conciencia en los consumidores sobre el peligro del consumo de bebidas azucaradas que pueden traer consecuencias como obesidad, que causa diabetis, afecciones cardiacas, entre otras enfermedades
B56: Contratante: | C56: A sociación Colombiana de Educación al Consumidor
B57: Porcentaje de Participación Consorcios /UT: | C57: 1
C58: Requisito | D58: Acreditado | E58: Consecutivo RUP | F58: Cumple/No cumple | G58: Observaciones
B59: Códigos del Clasificador de Bienes y Servicios | C59: 82101500 | D59: x | E59: 51 | F59: =IF(K63>=1,"CUMPLE","NO CUMPLE") -> CUMPLE | J59: x | K59: =IF(D59="X",1,0) -> 1
C60: 82101600 | D60: x | E60: 51 | K60: =IF(D60="X",1,0) -> 1
C61: 82101800 | D61: x | E61: 51 | K61: =IF(D61="X",1,0) -> 1
C62: 82101900 | D62: x | E62: 51 | K62: =IF(D62="X",1,0) -> 1
B63: Fecha de suscripción del contrato | D63: 42583 | F63: =IF(D63="","NO CUMPLE","CUMPLE") -> CUMPLE | H63: =YEAR(D63) -> 2016 | K63: =SUM(K59:K62) -> 4
B64: Valor del proyecto o contrato | D64: 946151475 | F64: =IF(D64="","NO CUMPLE","CUMPLE") -> CUMPLE
B65: Fecha de terminación del contrato | D65: 42674 | F65: =IF(D65="","",IF(OR(D65>$C$5,D65<$K$25,),"NO CUMPLE","CUMPLE")) -> CUMPLE | K65: 41846
B66: SMMLV - a la fecha de suscripción del contrato | D66: =IFERROR((D64/(VLOOKUP(H63,Hoja1!$A$9:$C$44,3,0)))*C57,"PENDIENTE") -> 1372.318 | F66: =IF(D66=0,"NO CUMPLE","CUMPLE") -> CUMPLE
B67: TIPO DE PLAN DE MEDIOS ACREDITADO | C67: RADIO | D67: x | F67: =IF(K72>=1,"CUMPLE","NO CUMPLE") -> CUMPLE | J67: x | K67: =IF(D67="X",1,0) -> 1
C68: PRENSA | D68: x | K68: =IF(D68="X",1,0) -> 1
C69: TELEVISIÓN | D69: x | K69: =IF(D69="X",1,0) -> 1
C70: DIGITALES | D70: x | K70: =IF(D70="X",1,0) -> 1
C71: MEDIOS ALTERNATIVOS | K71: =IF(D71="X",1,0) -> 0
B72: Valoración de la experiencia acreditada mediante el presente contrato | F72: =IF(F67="","PENDIENTE",IF(F66="","PENDIENTE",IF(F65="","PENDIENTE",IF(F64="","PENDIENTE",IF(F63="","PENDIENTE",IF(F59="","PENDIENTE",IF(F67="NO CUMPLE","NO CUMPLE",IF(F66="NO CUMPLE","NO CUMPLE",IF(F65="NO CUMPLE","NO CUMPLE",IF(F64="NO CUMPLE","NO CUMPLE",(IF(F63="NO CUMPLE","NO CUMPLE",IF(F59="NO CUMPLE","NO CUMPLE","CUMPLE"))))))))))))) -> CUMPLE | H72: NO | K72: =SUM(K67:K71) -> 4
B74: Contrato 4 - | C74: UT LIFECPM
B75: Objeto: | C75: Estrategia de comunicación para divulgar la poducción de los contenidos musicales,para la parrilla de programación y sus multiples plataformas transmedia, hasta por seis horas diarias,durante treinta días al mes por nueve meses para un total de 270 bloques musicales
B76: Contratante: | C76: Canal 13
B77: Porcentaje de Participación Consorcios /UT: | C77: 1
C78: Requisito | D78: Acreditado | E78: Consecutivo RUP | F78: Cumple/No cumple | G78: Observaciones
B79: Códigos del Clasificador de Bienes y Servicios | C79: 82101500 | D79: x | E79: 25 | F79: =IF(K83>=1,"CUMPLE","NO CUMPLE") -> CUMPLE | J79: x | K79: =IF(D79="X",1,0) -> 1
C80: 82101600 | D80: x | E80: 25 | K80: =IF(D80="X",1,0) -> 1
C81: 82101800 | D81: x | E81: 25 | K81: =IF(D81="X",1,0) -> 1
C82: 82101900 | D82: x | E82: 25 | K82: =IF(D82="X",1,0) -> 1
B83: Fecha de suscripción del contrato | D83: 42415 | F83: =IF(D83="","NO CUMPLE","CUMPLE") -> CUMPLE | H83: =YEAR(D83) -> 2016 | K83: =SUM(K79:K82) -> 4
B84: Valor del proyecto o contrato | D84: 1021376534 | F84: =IF(D84="","NO CUMPLE","CUMPLE") -> CUMPLE
B85: Fecha de terminación del contrato | D85: 42689 | F85: =IF(D85="","",IF(OR(D85>$C$5,D85<$K$25,),"NO CUMPLE","CUMPLE")) -> CUMPLE | K85: 41846
B86: SMMLV - a la fecha de suscripción del contrato | D86: =IFERROR((D84/(VLOOKUP(H83,Hoja1!$A$9:$C$44,3,0)))*C77,"PENDIENTE") -> 1481.426 | F86: =IF(D86=0,"NO CUMPLE","CUMPLE") -> CUMPLE
B87: TIPO DE PLAN DE MEDIOS ACREDITADO | C87: RADIO | D87: x | F87: =IF(K92>=1,"CUMPLE","NO CUMPLE") -> CUMPLE | J87: x | K87: =IF(D87="X",1,0) -> 1
C88: PRENSA | K88: =IF(D88="X",1,0) -> 0
C89: TELEVISIÓN | K89: =IF(D89="X",1,0) -> 0
C90: DIGITALES | D90: x | K90: =IF(D90="X",1,0) -> 1
C91: MEDIOS ALTERNATIVOS | K91: =IF(D91="X",1,0) -> 0
B92: Valoración de la experiencia acreditada mediante el presente contrato | F92: =IF(F87="","PENDIENTE",IF(F86="","PENDIENTE",IF(F85="","PENDIENTE",IF(F84="","PENDIENTE",IF(F83="","PENDIENTE",IF(F79="","PENDIENTE",IF(F87="NO CUMPLE","NO CUMPLE",IF(F86="NO CUMPLE","NO CUMPLE",IF(F85="NO CUMPLE","NO CUMPLE",IF(F84="NO CUMPLE","NO CUMPLE",(IF(F83="NO CUMPLE","NO CUMPLE",IF(F79="NO CUMPLE","NO CUMPLE","CUMPLE"))))))))))))) -> CUMPLE | H92: NO | K92: =SUM(K87:K91) -> 2
B94: Contrato 5 - | C94: nombre del proponente o miembro de la estructura plural que aporta la experiencia.
B95: Objeto: | C95: OBJETO DEL CONTRATO
B96: Contratante:
B97: Porcentaje de Participación Consorcios /UT: | C97: 1
C98: Requisito | D98: Acreditado | E98: Consecutivo RUP | F98: Cumple/No cumple | G98: Observaciones
B99: Códigos del Clasificador de Bienes y Servicios | C99: 82101500 | F99: =IF(K103>=1,"CUMPLE","NO CUMPLE") -> NO CUMPLE | J99: x | K99: =IF(D99="X",1,0) -> 0
C100: 82101600 | K100: =IF(D100="X",1,0) -> 0
C101: 82101800 | K101: =IF(D101="X",1,0) -> 0
C102: 82101900 | K102: =IF(D102="X",1,0) -> 0
B103: Fecha de suscripción del contrato | F103: =IF(D103="","NO CUMPLE","CUMPLE") -> NO CUMPLE | H103: =YEAR(D103) -> 1900 | K103: =SUM(K99:K102) -> 0
B104: Valor del proyecto o contrato | F104: =IF(D104="","NO CUMPLE","CUMPLE") -> NO CUMPLE
B105: Fecha de terminación del contrato | F105: =IF(D105="","",IF(OR(D105>$C$5,D105<$K$25,),"NO CUMPLE","CUMPLE")) | K105: 41846
B106: SMMLV - a la fecha de suscripción del contrato | D106: =IFERROR((D104/(VLOOKUP(H103,Hoja1!$A$9:$C$44,3,0)))*C97,"PENDIENTE") -> PENDIENTE | F106: =IF(D106=0,"NO CUMPLE","CUMPLE") -> CUMPLE
B107: TIPO DE PLAN DE MEDIOS ACREDITADO | C107: RADIO | F107: =IF(K112>=1,"CUMPLE","NO CUMPLE") -> NO CUMPLE | J107: x | K107: =IF(D107="X",1,0) -> 0 | M107: =IF(F32="CUMPLE",1,0) -> 1
C108: PRENSA | K108: =IF(D108="X",1,0) -> 0 | M108: =IF(F52="CUMPLE",1,0) -> 1
...

Sheet PROPONENTE (6)
B3: NOMBRE DEL PROPONENTE: | C3: SERVIMEDIOS
B4: “PRESTAR LOS SERVICIOS PARA DESARROLLAR PLANES DE MEDIOS DE LAS ESTRATEGIAS DE COMUNICACIÓN DEFINIDAS POR LA SECRETARÍA DISTRITAL DE SEGURIDAD, CONVIVENCIA Y JUSTICIA DE BOGOTÁ, CON EL FIN DE PROMOCIONAR TODOS LOS SERVICIOS Y PROGRAMAS QUE TIENE LA ENTIDAD”
B5: FECHA DE CIERRE DEL PROCESO | C5: 43672
B6: PRESUPUESTO OFICIAL: | C6: 900000000
B7: PRESUPUESTO OFICIAL EN SMMLV | C7: =C6/Hoja1!C44 -> 1086.8043
B9: Columna1 | C9: Columna2 | D9: Columna3 | E9: Columna4 | F9: Columna5 | G9: Columna6
B10: 3.6 REQUISITOS HABILITANTES TÉCNICOS
B11: 3.6.1 EXPERIENCIA DEL PROPONENTE
B13: NOMBRE DEL PROPONENTE: | C13: SERVIMEDIOS
B14: Contrato 1 -
B15: Objeto: | C15: Actuar como agencvia y central de medios, prestando el servicio de desarrollo de campañas publicitarias a traves de la producción, diseño y ejecución del plan de medios a nivel internacional, nacional y regional que incluyo la publicación de avisos en prensa, revistas, comerciales para televisión, cuñas radiales, medios digitales y en general todos los mediosATL y BTL, necesarios para el posicionamiento de la marca, asi como el desarrollo creativo de las campañas publicitarias, asesoria, planificación e investigación, desarrollo grafico y creativo como apoyo a las acciones de mercadeo
B16: Contratante: | C16: MEDPLUS
B17: Porcentaje de Participación Consorcios /UT: | C17: 1
C18: Requisito | D18: Acreditado | E18: Consecutivo RUP | F18: Cumple/No cumple | G18: Observaciones
B19: Códigos del Clasificador de Bienes y Servicios | C19: 82101500 | D19: x | E19: 40 | F19: =IF(K23>=1,"CUMPLE","NO CUMPLE") -> CUMPLE | G19: el consecutivo del RUP en este contrato no es el 19 como lo certifican en el formato n°2, sino el 40. | J19: x | K19: =IF(D19="X",1,0) -> 1
C20: 82101600 | D20: x | E20: 40 | K20: =IF(D20="X",1,0) -> 1
C21: 82101800 | D21: x | E21: 40 | K21: =IF(D21="X",1,0) -> 1
C22: 82101900 | D22: x | E22: 40 | K22: =IF(D22="X",1,0) -> 1
B23: Fecha de suscripción del contrato | D23: 43210 | F23: =IF(D23="","NO CUMPLE","CUMPLE") -> CUMPLE | H23: =YEAR(D23) -> 2018 | K23: =SUM(K19:K22) -> 4
B24: Valor del proyecto o contrato | D24: 1073898728 | F24: =IF(D24="","NO CUMPLE","CUMPLE") -> CUMPLE
B25: Fecha de terminación del contrato | D25: 43465 | F25: =IF(D25="","",IF(OR(D25>$C$5,D25<$K$25,),"NO CUMPLE","CUMPLE")) -> CUMPLE | K25: 41846
B26: SMMLV - a la fecha de suscripción del contrato | D26: =IFERROR((D24/(VLOOKUP(H23,Hoja1!$A$9:$C$44,3,0)))*C17,"PENDIENTE") -> 1374.6044 | F26: =IF(D26=0,"NO CUMPLE","CUMPLE") -> CUMPLE
B27: TIPO DE PLAN DE MEDIOS ACREDITADO | C27: RADIO | D27: x | F27: =IF(K32>=1,"CUMPLE","NO CUMPLE") -> CUMPLE | J27: x | K27: =IF(D27="X",1,0) -> 1
C28: PRENSA | D28: x | K28: =IF(D28="X",1,0) -> 1
C29: TELEVISIÓN | D29: x | K29: =IF(D29="X",1,0) -> 1
C30: DIGITALES | D30: x | K30: =IF(D30="X",1,0) -> 1
C31: MEDIOS ALTERNATIVOS | D31: x | K31: =IF(D31="X",1,0) -> 1
B32: Valoración de la experiencia acreditada mediante el presente contrato | F32: =IF(F27="","PENDIENTE",IF(F26="","PENDIENTE",IF(F25="","PENDIENTE",IF(F24="","PENDIENTE",IF(F23="","PENDIENTE",IF(F19="","PENDIENTE",IF(F27="NO CUMPLE","NO CUMPLE",IF(F26="NO CUMPLE","NO CUMPLE",IF(F25="NO CUMPLE","NO CUMPLE",IF(F24="NO CUMPLE","NO CUMPLE",(IF(F23="NO CUMPLE","NO CUMPLE",IF(F19="NO CUMPLE","NO CUMPLE","CUMPLE"))))))))))))) -> CUMPLE | H32: NO | K32: =SUM(K27:K31) -> 5
B34: Contrato 2 | C34: SERVIMEDIOS
B35: Objeto: | C35: Prestar el servicio de agencia de medios para l a publicación y producción de información de carácter institucional de los Planes y Programas de la Secretaria de Cultura Recreación y Deporte en los diferentes medios de Comunicación y otros espacio publicitarios
B36: Contratante: | C36: SECRETARÍA DISTRITAL DE CULTURA Y RECREACIÓN Y DEPORTE
B37: Porcentaje de Participación Consorcios /UT: | C37: 1
C38: Requisito | D38: Acreditado | E38: Consecutivo RUP | F38: Cumple/No cumple | G38: Observaciones
B39: Códigos del Clasificador de Bienes y Servicios | C39: 82101500 | D39: x | E39: 35 | F39: =IF(K43>=1,"CUMPLE","NO CUMPLE") -> CUMPLE | G39: El consecutivo del RUP para este contrato no es el 17 como lo indica el formato N°2, sino el 35 | J39: x | K39: =IF(D39="X",1,0) -> 1
C40: 82101600 | D40: x | E40: 35 | K40: =IF(D40="X",1,0) -> 1
C41: 82101800 | D41: x | E41: 35 | K41: =IF(D41="X",1,0) -> 1
C42: 82101900 | D42: x | E42: 35 | K42: =IF(D42="X",1,0) -> 1
B43: Fecha de suscripción del contrato | D43: 43290 | F43: =IF(D43="","NO CUMPLE","CUMPLE") -> CUMPLE | H43: =YEAR(D43) -> 2018 | K43: =SUM(K39:K42) -> 4
B44: Valor del proyecto o contrato | D44: 1077355140 | F44: =IF(D44="","NO CUMPLE","CUMPLE") -> CUMPLE
B45: Fecha de terminación del contrato | D45: 43447 | F45: =IF(D45="","",IF(OR(D45>$C$5,D45<$K$25,),"NO CUMPLE","CUMPLE")) -> CUMPLE | K45: 41846
B46: SMMLV - a la fecha de suscripción del contrato | D46: =IFERROR((D44/(VLOOKUP(H43,Hoja1!$A$9:$C$44,3,0)))*C37,"PENDIENTE") -> 1379.0287 | F46: =IF(D46=0,"NO CUMPLE","CUMPLE") -> CUMPLE
B47: TIPO DE PLAN DE MEDIOS ACREDITADO | C47: RADIO | F47: =IF(K52>=1,"CUMPLE","NO CUMPLE") -> CUMPLE | J47: x | K47: =IF(D47="X",1,0) -> 0
C48: PRENSA | D48: x | K48: =IF(D48="X",1,0) -> 1
C49: TELEVISIÓN | K49: =IF(D49="X",1,0) -> 0
C50: DIGITALES | D50: x | K50: =IF(D50="X",1,0) -> 1
C51: MEDIOS ALTERNATIVOS | D51: x | K51: =IF(D51="X",1,0) -> 1
B52: Valoración de la experiencia acreditada mediante el presente contrato | F52: =IF(F47="","PENDIENTE",IF(F46="","PENDIENTE",IF(F45="","PENDIENTE",IF(F44="","PENDIENTE",IF(F43="","PENDIENTE",IF(F39="","PENDIENTE",IF(F47="NO CUMPLE","NO CUMPLE",IF(F46="NO CUMPLE","NO CUMPLE",IF(F45="NO CUMPLE","NO CUMPLE",IF(F44="NO CUMPLE","NO CUMPLE",(IF(F43="NO CUMPLE","NO CUMPLE",IF(F39="NO CUMPLE","NO CUMPLE","CUMPLE"))))))))))))) -> CUMPLE | H52: NO | K52: =SUM(K47:K51) -> 3
B54: Contrato 3 - | C54: SERVIMEDIOS
B55: Objeto: | C55: Actuar como agencia y central de medios, prestando el servicio de desarrollo de campañas publicitarias, a través de la producción, diseño y ejecución del plan de medios a nivel internacional, nacional y regional que incluyo la publicación de avisos en prensa, revistas comerciales para televisón, cuñas radiales, medios de comunicaciones masivos y alternativos necesario para el posicionamiento de la marca, asi como el desarrollo creativo de las campañas pulicitarias, asesoria, planificacón e investigación, desarrollo gráfico conceptual de piezas en formatos de alto impacto y piezas interactivas y multimedia y materiales colaterales como apoyo a las actividades de mercadeo y ventas.
B56: Contratante: | C56: Grupo Premier Motores Britanicos
B57: Porcentaje de Participación Consorcios /UT: | C57: 1
C58: Requisito | D58: Acreditado | E58: Consecutivo RUP | F58: Cumple/No cumple | G58: Observaciones
B59: Códigos del Clasificador de Bienes y Servicios | C59: 82101500 | D59: x | E59: 25 | F59: =IF(K63>=1,"CUMPLE","NO CUMPLE") -> CUMPLE | J59: x | K59: =IF(D59="X",1,0) -> 1
C60: 82101600 | D60: x | E60: 25 | K60: =IF(D60="X",1,0) -> 1
C61: 82101800 | D61: x | E61: 25 | K61: =IF(D61="X",1,0) -> 1
C62: 82101900 | D62: x | E62: 25 | K62: =IF(D62="X",1,0) -> 1
B63: Fecha de suscripción del contrato | D63: 42005 | F63: =IF(D63="","NO CUMPLE","CUMPLE") -> CUMPLE | H63: =YEAR(D63) -> 2015 | K63: =SUM(K59:K62) -> 4
B64: Valor del proyecto o contrato | D64: 8495893620 | F64: =IF(D64="","NO CUMPLE","CUMPLE") -> CUMPLE
B65: Fecha de terminación del contrato | D65: 42735 | F65: =IF(D65="","",IF(OR(D65>$C$5,D65<$K$25,),"NO CUMPLE","CUMPLE")) -> CUMPLE | K65: 41846
B66: SMMLV - a la fecha de suscripción del contrato | D66: =IFERROR((D64/(VLOOKUP(H63,Hoja1!$A$9:$C$44,3,0)))*C57,"PENDIENTE") -> 13185.216 | F66: =IF(D66=0,"NO CUMPLE","CUMPLE") -> CUMPLE
B67: TIPO DE PLAN DE MEDIOS ACREDITADO | C67: RADIO | D67: x | F67: =IF(K72>=1,"CUMPLE","NO CUMPLE") -> CUMPLE | J67: x | K67: =IF(D67="X",1,0) -> 1
C68: PRENSA | D68: x | K68: =IF(D68="X",1,0) -> 1
C69: TELEVISIÓN | D69: x | K69: =IF(D69="X",1,0) -> 1
C70: DIGITALES | D70: x | K70: =IF(D70="X",1,0) -> 1
C71: MEDIOS ALTERNATIVOS | D71: x | K71: =IF(D71="X",1,0) -> 1
B72: Valoración de la experiencia acreditada mediante el presente contrato | F72: =IF(F67="","PENDIENTE",IF(F66="","PENDIENTE",IF(F65="","PENDIENTE",IF(F64="","PENDIENTE",IF(F63="","PENDIENTE",IF(F59="","PENDIENTE",IF(F67="NO CUMPLE","NO CUMPLE",IF(F66="NO CUMPLE","NO CUMPLE",IF(F65="NO CUMPLE","NO CUMPLE",IF(F64="NO CUMPLE","NO CUMPLE",(IF(F63="NO CUMPLE","NO CUMPLE",IF(F59="NO CUMPLE","NO CUMPLE","CUMPLE"))))))))))))) -> CUMPLE | H72: NO | K72: =SUM(K67:K71) -> 5
B74: Contrato 4 - | C74: SERVIMEDIOS
B75: Objeto: | C75: Realizar como central e medios, la difusión permanente e integral de la Campaña de Comunicación de l aUnidad, desarrollando estrategias de carácter masivo y alternativo 1ue permitan seguimiento de la efectividad alcanzada, con base en las necesidades y objetivos de la entidad.
B76: Contratante: | C76: UGPP
B77: Porcentaje de Participación Consorcios /UT: | C77: 1
C78: Requisito | D78: Acreditado | E78: Consecutivo RUP | F78: Cumple/No cumple | G78: Observaciones
B79: Códigos del Clasificador de Bienes y Servicios | C79: 82101500 | D79: x | E79: 23 | F79: =IF(K83>=1,"CUMPLE","NO CUMPLE") -> CUMPLE | G79: El consecutivo de este contrato en el RUP no es el 13, como lo certifican en el Formato N°2, sino el 23 | J79: x | K79: =IF(D79="X",1,0) -> 1
C80: 82101600 | D80: x | E80: 23 | K80: =IF(D80="X",1,0) -> 1
C81: 82101800 | D81: x | E81: 23 | K81: =IF(D81="X",1,0) -> 1
C82: 82101900 | D82: x | E82: 23 | K82: =IF(D82="X",1,0) -> 1
B83: Fecha de suscripción del contrato | D83: 41810 | F83: =IF(D83="","NO CUMPLE","CUMPLE") -> CUMPLE | H83: =YEAR(D83) -> 2014 | K83: =SUM(K79:K82) -> 4
B84: Valor del proyecto o contrato | D84: 3094625371 | F84: =IF(D84="","NO CUMPLE","CUMPLE") -> CUMPLE
B85: Fecha de terminación del contrato | D85: 42338 | F85: =IF(D85="","",IF(OR(D85>$C$5,D85<$K$25,),"NO CUMPLE","CUMPLE")) -> CUMPLE | K85: 41846
B86: SMMLV - a la fecha de suscripción del contrato | D86: =IFERROR((D84/(VLOOKUP(H83,Hoja1!$A$9:$C$44,3,0)))*C77,"PENDIENTE") -> 5023.7425 | F86: =IF(D86=0,"NO CUMPLE","CUMPLE") -> CUMPLE
B87: TIPO DE PLAN DE MEDIOS ACREDITADO | C87: RADIO | D87: x | F87: =IF(K92>=1,"CUMPLE","NO CUMPLE") -> CUMPLE | J87: x | K87: =IF(D87="X",1,0) -> 1
C88: PRENSA | D88: x | K88: =IF(D88="X",1,0) -> 1
C89: TELEVISIÓN | D89: x | K89: =IF(D89="X",1,0) -> 1
C90: DIGITALES | D90: x | K90: =IF(D90="X",1,0) -> 1
C91: MEDIOS ALTERNATIVOS | D91: x | K91: =IF(D91="X",1,0) -> 1
B92: Valoración de la experiencia acreditada mediante el presente contrato | F92: =IF(F87="","PENDIENTE",IF(F86="","PENDIENTE",IF(F85="","PENDIENTE",IF(F84="","PENDIENTE",IF(F83="","PENDIENTE",IF(F79="","PENDIENTE",IF(F87="NO CUMPLE","NO CUMPLE",IF(F86="NO CUMPLE","NO CUMPLE",IF(F85="NO CUMPLE","NO CUMPLE",IF(F84="NO CUMPLE","NO CUMPLE",(IF(F83="NO CUMPLE","NO CUMPLE",IF(F79="NO CUMPLE","NO CUMPLE","CUMPLE"))))))))))))) -> CUMPLE | H92: NO | K92: =SUM(K87:K91) -> 5
B94: Contrato 5 - | C94: nombre del proponente o miembro de la estructura plural que aporta la experiencia.
B95: Objeto: | C95: OBJETO DEL CONTRATO
B96: Contratante:
B97: Porcentaje de Participación Consorcios /UT: | C97: 1
C98: Requisito | D98: Acreditado | E98: Consecutivo RUP | F98: Cumple/No cumple | G98: Observaciones
B99: Códigos del Clasificador de Bienes y Servicios | C99: 82101500 | F99: =IF(K103>=1,"CUMPLE","NO CUMPLE") -> NO CUMPLE | J99: x | K99: =IF(D99="X",1,0) -> 0
C100: 82101600 | K100: =IF(D100="X",1,0) -> 0
C101: 82101800 | K101: =IF(D101="X",1,0) -> 0
C102: 82101900 | K102: =IF(D102="X",1,0) -> 0
B103: Fecha de suscripción del contrato | F103: =IF(D103="","NO CUMPLE","CUMPLE") -> NO CUMPLE | H103: =YEAR(D103) -> 1900 | K103: =SUM(K99:K102) -> 0
B104: Valor del proyecto o contrato | F104: =IF(D104="","NO CUMPLE","CUMPLE") -> NO CUMPLE
B105: Fecha de terminación del contrato | F105: =IF(D105="","",IF(OR(D105>$C$5,D105<$K$25,),"NO CUMPLE","CUMPLE")) | K105: 41846
B106: SMMLV - a la fecha de suscripción del contrato | D106: =IFERROR((D104/(VLOOKUP(H103,Hoja1!$A$9:$C$44,3,0)))*C97,"PENDIENTE") -> PENDIENTE | F106: =IF(D106=0,"NO CUMPLE","CUMPLE") -> CUMPLE
B107: TIPO DE PLAN DE MEDIOS ACREDITADO | C107: RADIO | F107: =IF(K112>=1,"CUMPLE","NO CUMPLE") -> NO CUMPLE | J107: x | K107: =IF(D107="X",1,0) -> 0 | M107: =IF(F32="CUMPLE",1,0) -> 1
C108: PRENSA | K108: =IF(D108="X",1,0) -> 0 | M108: =IF(F52="CUMPLE",1,0) -> 1
...

Sheet PROPONENTE (5)
B3: NOMBRE DEL PROPONENTE: | C3: OPTIMA TM S.A.S
B4: “PRESTAR LOS SERVICIOS PARA DESARROLLAR PLANES DE MEDIOS DE LAS ESTRATEGIAS DE COMUNICACIÓN DEFINIDAS POR LA SECRETARÍA DISTRITAL DE SEGURIDAD, CONVIVENCIA Y JUSTICIA DE BOGOTÁ, CON EL FIN DE PROMOCIONAR TODOS LOS SERVICIOS Y PROGRAMAS QUE TIENE LA ENTIDAD”
B5: FECHA DE CIERRE DEL PROCESO | C5: 43672
B6: PRESUPUESTO OFICIAL: | C6: 900000000
B7: PRESUPUESTO OFICIAL EN SMMLV | C7: =C6/Hoja1!C44 -> 1086.8043
B9: Columna1 | C9: Columna2 | D9: Columna3 | E9: Columna4 | F9: Columna5 | G9: Columna6
B10: 3.6 REQUISITOS HABILITANTES TÉCNICOS
B11: 3.6.1 EXPERIENCIA DEL PROPONENTE
B13: NOMBRE DEL PROPONENTE: | C13: =C3 -> OPTIMA TM S.A.S
B14: Contrato 1 - | C14: 994-2015-OPTIMA TM S.A.S.
B15: Objeto: | C15: Prestación de servicios para la emisión de mensajes de reintegración en medios masivos, alternativos, tradicionales y no tradicionales como respaldo al fortalecimiento del posicionamiento del proceso de reintegración en el marco de la estrategía de counicaciones para la reintegración de la ACR
B16: Contratante: | C16: ACR
B17: Porcentaje de Participación Consorcios /UT: | C17: 1
C18: Requisito | D18: Acreditado | E18: Consecutivo RUP | F18: Cumple/No cumple | G18: Observaciones
B19: Códigos del Clasificador de Bienes y Servicios | C19: 82101500 | D19: x | E19: 142 | F19: =IF(K23>=1,"CUMPLE","NO CUMPLE") -> CUMPLE | J19: x | K19: =IF(D19="X",1,0) -> 1
C20: 82101600 | D20: x | E20: 142 | K20: =IF(D20="X",1,0) -> 1
C21: 82101800 | D21: x | E21: 142 | K21: =IF(D21="X",1,0) -> 1
C22: 82101900 | D22: x | E22: 142 | K22: =IF(D22="X",1,0) -> 1
B23: Fecha de suscripción del contrato | D23: 42208 | F23: =IF(D23="","NO CUMPLE","CUMPLE") -> CUMPLE | H23: =YEAR(D23) -> 2015 | K23: =SUM(K19:K22) -> 4
B24: Valor del proyecto o contrato | D24: 2200000000 | F24: =IF(D24="","NO CUMPLE","CUMPLE") -> CUMPLE
B25: Fecha de terminación del contrato | D25: 42369 | F25: =IF(D25="","",IF(OR(D25>$C$5,D25<$K$25,),"NO CUMPLE","CUMPLE")) -> CUMPLE | K25: 41846
B26: SMMLV - a la fecha de suscripción del contrato | D26: =IFERROR((D24/(VLOOKUP(H23,Hoja1!$A$9:$C$44,3,0)))*C17,"PENDIENTE") -> 3414.2935 | F26: =IF(D26=0,"NO CUMPLE","CUMPLE") -> CUMPLE
B27: TIPO DE PLAN DE MEDIOS ACREDITADO | C27: RADIO | D27: x | F27: =IF(K32>=1,"CUMPLE","NO CUMPLE") -> CUMPLE | J27: x | K27: =IF(D27="X",1,0) -> 1
C28: PRENSA | D28: x | K28: =IF(D28="X",1,0) -> 1
C29: TELEVISIÓN | D29: x | K29: =IF(D29="X",1,0) -> 1
C30: DIGITALES | D30: x | K30: =IF(D30="X",1,0) -> 1
C31: MEDIOS ALTERNATIVOS | D31: x | K31: =IF(D31="X",1,0) -> 1
B32: Valoración de la experiencia acreditada mediante el presente contrato | F32: =IF(F27="","PENDIENTE",IF(F26="","PENDIENTE",IF(F25="","PENDIENTE",IF(F24="","PENDIENTE",IF(F23="","PENDIENTE",IF(F19="","PENDIENTE",IF(F27="NO CUMPLE","NO CUMPLE",IF(F26="NO CUMPLE","NO CUMPLE",IF(F25="NO CUMPLE","NO CUMPLE",IF(F24="NO CUMPLE","NO CUMPLE",(IF(F23="NO CUMPLE","NO CUMPLE",IF(F19="NO CUMPLE","NO CUMPLE","CUMPLE"))))))))))))) -> CUMPLE | H32: NO | K32: =SUM(K27:K31) -> 5
B34: Contrato 2 | C34: OPTIMA TM S.A.S.
B35: Objeto: | C35: Pautar en medios de comunicación las estrategías de comunicación del Ministerio a propósito del interés público en Salud y en Protección Social
B36: Contratante: | C36: MINISTERIO DE SALUD Y PROTECCIÓN SOCIAL
B37: Porcentaje de Participación Consorcios /UT: | C37: 1
C38: Requisito | D38: Acreditado | E38: Consecutivo RUP | F38: Cumple/No cumple | G38: Observaciones
B39: Códigos del Clasificador de Bienes y Servicios | C39: 82101500 | D39: x | E39: 158 | F39: =IF(K43>=1,"CUMPLE","NO CUMPLE") -> CUMPLE | J39: x | K39: =IF(D39="X",1,0) -> 1
C40: 82101600 | D40: x | E40: 158 | K40: =IF(D40="X",1,0) -> 1
C41: 82101800 | D41: x | E41: 158 | K41: =IF(D41="X",1,0) -> 1
C42: 82101900 | D42: x | E42: 158 | K42: =IF(D42="X",1,0) -> 1
B43: Fecha de suscripción del contrato | D43: 42620 | F43: =IF(D43="","NO CUMPLE","CUMPLE") -> CUMPLE | H43: =YEAR(D43) -> 2016 | K43: =SUM(K39:K42) -> 4
B44: Valor del proyecto o contrato | D44: 8925000000 | F44: =IF(D44="","NO CUMPLE","CUMPLE") -> CUMPLE
B45: Fecha de terminación del contrato | D45: 42824 | F45: =IF(D45="","",IF(OR(D45>$C$5,D45<$K$25,),"NO CUMPLE","CUMPLE")) -> CUMPLE | K45: 41846
B46: SMMLV - a la fecha de suscripción del contrato | D46: =IFERROR((D44/(VLOOKUP(H43,Hoja1!$A$9:$C$44,3,0)))*C37,"PENDIENTE") -> 12945.007 | F46: =IF(D46=0,"NO CUMPLE","CUMPLE") -> CUMPLE
B47: TIPO DE PLAN DE MEDIOS ACREDITADO | C47: RADIO | D47: x | F47: =IF(K52>=1,"CUMPLE","NO CUMPLE") -> CUMPLE | J47: x | K47: =IF(D47="X",1,0) -> 1
C48: PRENSA | D48: x | K48: =IF(D48="X",1,0) -> 1
C49: TELEVISIÓN | D49: x | K49: =IF(D49="X",1,0) -> 1
C50: DIGITALES | D50: x | K50: =IF(D50="X",1,0) -> 1
C51: MEDIOS ALTERNATIVOS | D51: x | K51: =IF(D51="X",1,0) -> 1
B52: Valoración de la experiencia acreditada mediante el presente contrato | F52: =IF(F47="","PENDIENTE",IF(F46="","PENDIENTE",IF(F45="","PENDIENTE",IF(F44="","PENDIENTE",IF(F43="","PENDIENTE",IF(F39="","PENDIENTE",IF(F47="NO CUMPLE","NO CUMPLE",IF(F46="NO CUMPLE","NO CUMPLE",IF(F45="NO CUMPLE","NO CUMPLE",IF(F44="NO CUMPLE","NO CUMPLE",(IF(F43="NO CUMPLE","NO CUMPLE",IF(F39="NO CUMPLE","NO CUMPLE","CUMPLE"))))))))))))) -> CUMPLE | H52: NO | K52: =SUM(K47:K51) -> 5
B54: Contrato 3 - | C54: OPTIMA TM S.A.S.
B55: Objeto: | C55: Prestación del servicio de diseño, producción, desarrollo y difusión de estrategías de comunicación externas e internasque incluyan planes de medios, piezas de comunicación y actividades de divulgación necesarias de las obligaciones tributarias aduaneras y cambiarias que fomenten la cultura tributaria dentro del marco de la misionalidad y objetivos estrategicos institucionales
B56: Contratante: | C56: DIAN
B57: Porcentaje de Participación Consorcios /UT: | C57: 1
C58: Requisito | D58: Acreditado | E58: Consecutivo RUP | F58: Cumple/No cumple | G58: Observaciones
B59: Códigos del Clasificador de Bienes y Servicios | C59: 82101500 | D59: x | E59: 125 | F59: =IF(K63>=1,"CUMPLE","NO CUMPLE") -> CUMPLE | J59: x | K59: =IF(D59="X",1,0) -> 1
C60: 82101600 | D60: x | E60: 125 | K60: =IF(D60="X",1,0) -> 1
C61: 82101800 | D61: x | E61: 125 | K61: =IF(D61="X",1,0) -> 1
C62: 82101900 | D62: x | E62: 125 | K62: =IF(D62="X",1,0) -> 1
B63: Fecha de suscripción del contrato | D63: 42158 | F63: =IF(D63="","NO CUMPLE","CUMPLE") -> CUMPLE | H63: =YEAR(D63) -> 2015 | K63: =SUM(K59:K62) -> 4
B64: Valor del proyecto o contrato | D64: 6455827020 | F64: =IF(D64="","NO CUMPLE","CUMPLE") -> CUMPLE
B65: Fecha de terminación del contrato | D65: 42369 | F65: =IF(D65="","",IF(OR(D65>$C$5,D65<$K$25,),"NO CUMPLE","CUMPLE")) -> CUMPLE | K65: 41846
B66: SMMLV - a la fecha de suscripción del contrato | D66: =IFERROR((D64/(VLOOKUP(H63,Hoja1!$A$9:$C$44,3,0)))*C57,"PENDIENTE") -> 10019.131 | F66: =IF(D66=0,"NO CUMPLE","CUMPLE") -> CUMPLE
B67: TIPO DE PLAN DE MEDIOS ACREDITADO | C67: RADIO | D67: x | F67: =IF(K72>=1,"CUMPLE","NO CUMPLE") -> CUMPLE | J67: x | K67: =IF(D67="X",1,0) -> 1
C68: PRENSA | D68: x | K68: =IF(D68="X",1,0) -> 1
C69: TELEVISIÓN | D69: x | K69: =IF(D69="X",1,0) -> 1
C70: DIGITALES | D70: x | K70: =IF(D70="X",1,0) -> 1
C71: MEDIOS ALTERNATIVOS | D71: x | K71: =IF(D71="X",1,0) -> 1
B72: Valoración de la experiencia acreditada mediante el presente contrato | F72: =IF(F67="","PENDIENTE",IF(F66="","PENDIENTE",IF(F65="","PENDIENTE",IF(F64="","PENDIENTE",IF(F63="","PENDIENTE",IF(F59="","PENDIENTE",IF(F67="NO CUMPLE","NO CUMPLE",IF(F66="NO CUMPLE","NO CUMPLE",IF(F65="NO CUMPLE","NO CUMPLE",IF(F64="NO CUMPLE","NO CUMPLE",(IF(F63="NO CUMPLE","NO CUMPLE",IF(F59="NO CUMPLE","NO CUMPLE","CUMPLE"))))))))))))) -> CUMPLE | H72: NO | K72: =SUM(K67:K71) -> 5
B74: Contrato 4 - | C74: OPTIMA TM S.A.S.
B75: Objeto: | C75: Emisión de cuñas de radio y la impresión e inserción de separatas en periodicos regionales con la cobertura rural y urbana de la fase 1 para la ejecución de la estrategía de difusión de resultados del tercer censo nacional agropecuario.
B76: Contratante: | C76: DANE
B77: Porcentaje de Participación Consorcios /UT: | C77: 1
C78: Requisito | D78: Acreditado | E78: Consecutivo RUP | F78: Cumple/No cumple | G78: Observaciones
B79: Códigos del Clasificador de Bienes y Servicios | C79: 82101500 | D79: x | E79: 128 | F79: =IF(K83>=1,"CUMPLE","NO CUMPLE") -> CUMPLE | J79: x | K79: =IF(D79="X",1,0) -> 1
C80: 82101600 | D80: x | E80: 128 | K80: =IF(D80="X",1,0) -> 1
C81: 82101800 | D81: x | E81: 128 | K81: =IF(D81="X",1,0) -> 1
C82: 82101900 | D82: x | E82: 128 | K82: =IF(D82="X",1,0) -> 1
B83: Fecha de suscripción del contrato | D83: 42242 | F83: =IF(D83="","NO CUMPLE","CUMPLE") -> CUMPLE | H83: =YEAR(D83) -> 2015 | K83: =SUM(K79:K82) -> 4
B84: Valor del proyecto o contrato | D84: 2035952496 | F84: =IF(D84="","NO CUMPLE","CUMPLE") -> CUMPLE
B85: Fecha de terminación del contrato | D85: 42369 | F85: =IF(D85="","",IF(OR(D85>$C$5,D85<$K$25,),"NO CUMPLE","CUMPLE")) -> CUMPLE | K85: 41846
B86: SMMLV - a la fecha de suscripción del contrato | D86: =IFERROR((D84/(VLOOKUP(H83,Hoja1!$A$9:$C$44,3,0)))*C77,"PENDIENTE") -> 3159.6997 | F86: =IF(D86=0,"NO CUMPLE","CUMPLE") -> CUMPLE
B87: TIPO DE PLAN DE MEDIOS ACREDITADO | C87: RADIO | D87: x | F87: =IF(K92>=1,"CUMPLE","NO CUMPLE") -> CUMPLE | J87: x | K87: =IF(D87="X",1,0) -> 1
C88: PRENSA | D88: x | K88: =IF(D88="X",1,0) -> 1
C89: TELEVISIÓN | K89: =IF(D89="X",1,0) -> 0
C90: DIGITALES | K90: =IF(D90="X",1,0) -> 0
C91: MEDIOS ALTERNATIVOS | D91: x | K91: =IF(D91="X",1,0) -> 1
B92: Valoración de la experiencia acreditada mediante el presente contrato | F92: =IF(F87="","PENDIENTE",IF(F86="","PENDIENTE",IF(F85="","PENDIENTE",IF(F84="","PENDIENTE",IF(F83="","PENDIENTE",IF(F79="","PENDIENTE",IF(F87="NO CUMPLE","NO CUMPLE",IF(F86="NO CUMPLE","NO CUMPLE",IF(F85="NO CUMPLE","NO CUMPLE",IF(F84="NO CUMPLE","NO CUMPLE",(IF(F83="NO CUMPLE","NO CUMPLE",IF(F79="NO CUMPLE","NO CUMPLE","CUMPLE"))))))))))))) -> CUMPLE | H92: NO | K92: =SUM(K87:K91) -> 3
B94: Contrato 5 - | C94: nombre del proponente o miembro de la estructura plural que aporta la experiencia.
B95: Objeto: | C95: OBJETO DEL CONTRATO
B96: Contratante:
B97: Porcentaje de Participación Consorcios /UT: | C97: 1
C98: Requisito | D98: Acreditado | E98: Consecutivo RUP | F98: Cumple/No cumple | G98: Observaciones
B99: Códigos del Clasificador de Bienes y Servicios | C99: 82101500 | F99: =IF(K103>=1,"CUMPLE","NO CUMPLE") -> NO CUMPLE | J99: x | K99: =IF(D99="X",1,0) -> 0
C100: 82101600 | K100: =IF(D100="X",1,0) -> 0
C101: 82101800 | K101: =IF(D101="X",1,0) -> 0
C102: 82101900 | K102: =IF(D102="X",1,0) -> 0
B103: Fecha de suscripción del contrato | F103: =IF(D103="","NO CUMPLE","CUMPLE") -> NO CUMPLE | H103: =YEAR(D103) -> 1900 | K103: =SUM(K99:K102) -> 0
B104: Valor del proyecto o contrato | F104: =IF(D104="","NO CUMPLE","CUMPLE") -> NO CUMPLE
B105: Fecha de terminación del contrato | F105: =IF(D105="","",IF(OR(D105>$C$5,D105<$K$25,),"NO CUMPLE","CUMPLE")) | K105: 41846
B106: SMMLV - a la fecha de suscripción del contrato | D106: =IFERROR((D104/(VLOOKUP(H103,Hoja1!$A$9:$C$44,3,0)))*C97,"PENDIENTE") -> PENDIENTE | F106: =IF(D106=0,"NO CUMPLE","CUMPLE") -> CUMPLE
B107: TIPO DE PLAN DE MEDIOS ACREDITADO | C107: RADIO | F107: =IF(K112>=1,"CUMPLE","NO CUMPLE") -> NO CUMPLE | J107: x | K107: =IF(D107="X",1,0) -> 0 | M107: =IF(F32="CUMPLE",1,0) -> 1
C108: PRENSA | K108: =IF(D108="X",1,0) -> 0 | M108: =IF(F52="CUMPLE",1,0) -> 1
...

Sheet PROPONENTE (4)
B3: NOMBRE DEL PROPONENTE: | C3: ADD MEDIA
B4: “PRESTAR LOS SERVICIOS PARA DESARROLLAR PLANES DE MEDIOS DE LAS ESTRATEGIAS DE COMUNICACIÓN DEFINIDAS POR LA SECRETARÍA DISTRITAL DE SEGURIDAD, CONVIVENCIA Y JUSTICIA DE BOGOTÁ, CON EL FIN DE PROMOCIONAR TODOS LOS SERVICIOS Y PROGRAMAS QUE TIENE LA ENTIDAD”
B5: FECHA DE CIERRE DEL PROCESO | C5: 43672
B6: PRESUPUESTO OFICIAL: | C6: 900000000
B7: PRESUPUESTO OFICIAL EN SMMLV | C7: =C6/Hoja1!C44 -> 1086.8043
B9: Columna1 | C9: Columna2 | D9: Columna3 | E9: Columna4 | F9: Columna5 | G9: Columna6
B10: 3.6 REQUISITOS HABILITANTES TÉCNICOS
B11: 3.6.1 EXPERIENCIA DEL PROPONENTE
B13: NOMBRE DEL PROPONENTE: | C13: =C3 -> ADD MEDIA
B14: Contrato 1 - | C14: ADD MEDIA
B15: Objeto: | C15: Prestar el servicio de central de medios para la producción y divulgación de las estrategías de comunicación de los planes, programas y proyectos de la Alcaldía de Santiago de Cali, como parte de l proyecto "Fortalecimiento delas acciones institucionales de comunicación hacia la comunidad de Santiago de Cali.
B16: Contratante: | C16: Municipio de Santiago de Cali- Oficina de Comunicaciones
B17: Porcentaje de Participación Consorcios /UT: | C17: 1
C18: Requisito | D18: Acreditado | E18: Consecutivo RUP | F18: Cumple/No cumple | G18: Observaciones
B19: Códigos del Clasificador de Bienes y Servicios | C19: 82101500 | D19: x | E19: 47 | F19: =IF(K23>=1,"CUMPLE","NO CUMPLE") -> CUMPLE | J19: x | K19: =IF(D19="X",1,0) -> 1
C20: 82101600 | D20: x | E20: 47 | K20: =IF(D20="X",1,0) -> 1
C21: 82101800 | D21: x | E21: 47 | K21: =IF(D21="X",1,0) -> 1
C22: 82101900 | D22: x | E22: 47 | K22: =IF(D22="X",1,0) -> 1
B23: Fecha de suscripción del contrato | D23: 43216 | F23: =IF(D23="","NO CUMPLE","CUMPLE") -> CUMPLE | H23: =YEAR(D23) -> 2018 | K23: =SUM(K19:K22) -> 4
B24: Valor del proyecto o contrato | D24: 6150000000 | F24: =IF(D24="","NO CUMPLE","CUMPLE") -> CUMPLE
B25: Fecha de terminación del contrato | D25: 43465 | F25: =IF(D25="","",IF(OR(D25>$C$5,D25<$K$25,),"NO CUMPLE","CUMPLE")) -> CUMPLE | K25: 41846
B26: SMMLV - a la fecha de suscripción del contrato | D26: =IFERROR((D24/(VLOOKUP(H23,Hoja1!$A$9:$C$44,3,0)))*C17,"PENDIENTE") -> 7872.0806 | F26: =IF(D26=0,"NO CUMPLE","CUMPLE") -> CUMPLE
B27: TIPO DE PLAN DE MEDIOS ACREDITADO | C27: RADIO | D27: x | F27: =IF(K32>=1,"CUMPLE","NO CUMPLE") -> CUMPLE | J27: x | K27: =IF(D27="X",1,0) -> 1
C28: PRENSA | D28: x | K28: =IF(D28="X",1,0) -> 1
C29: TELEVISIÓN | D29: x | K29: =IF(D29="X",1,0) -> 1
C30: DIGITALES | D30: x | K30: =IF(D30="X",1,0) -> 1
C31: MEDIOS ALTERNATIVOS | D31: x | K31: =IF(D31="X",1,0) -> 1
B32: Valoración de la experiencia acreditada mediante el presente contrato | F32: =IF(F27="","PENDIENTE",IF(F26="","PENDIENTE",IF(F25="","PENDIENTE",IF(F24="","PENDIENTE",IF(F23="","PENDIENTE",IF(F19="","PENDIENTE",IF(F27="NO CUMPLE","NO CUMPLE",IF(F26="NO CUMPLE","NO CUMPLE",IF(F25="NO CUMPLE","NO CUMPLE",IF(F24="NO CUMPLE","NO CUMPLE",(IF(F23="NO CUMPLE","NO CUMPLE",IF(F19="NO CUMPLE","NO CUMPLE","CUMPLE"))))))))))))) -> CUMPLE | H32: NO | K32: =SUM(K27:K31) -> 5
B34: Contrato 2 | C34: ADD MEDIA
B35: Objeto: | C35: Prestacióndeservicios decentral de medios para vinculación de medios, plan de medios,y ejecución de estrategías de difución de información de la Alcaldía del Municipio de Santiago de Cali, como parte del proyecto "Fortalecimiento de la comunicación entre la Alcaldía y la comunidad del Municipio de Santiago de Cali
B36: Contratante: | C36: Municipio Santiago de Cali
B37: Porcentaje de Participación Consorcios /UT: | C37: 1
C38: Requisito | D38: Acreditado | E38: Consecutivo RUP | F38: Cumple/No cumple | G38: Observaciones
B39: Códigos del Clasificador de Bienes y Servicios | C39: 82101500 | D39: x | E39: 42 | F39: =IF(K43>=1,"CUMPLE","NO CUMPLE") -> CUMPLE | J39: x | K39: =IF(D39="X",1,0) -> 1
C40: 82101600 | D40: x | E40: 42 | K40: =IF(D40="X",1,0) -> 1
C41: 82101800 | D41: x | E41: 42 | K41: =IF(D41="X",1,0) -> 1
C42: 82101900 | D42: x | E42: 42 | K42: =IF(D42="X",1,0) -> 1
B43: Fecha de suscripción del contrato | D43: 42860 | F43: =IF(D43="","NO CUMPLE","CUMPLE") -> CUMPLE | H43: =YEAR(D43) -> 2017 | K43: =SUM(K39:K42) -> 4
B44: Valor del proyecto o contrato | D44: 73771700 | F44: =IF(D44="","NO CUMPLE","CUMPLE") -> CUMPLE
B45: Fecha de terminación del contrato | D45: 43100 | F45: =IF(D45="","",IF(OR(D45>$C$5,D45<$K$25,),"NO CUMPLE","CUMPLE")) -> CUMPLE | K45: 41846
B46: SMMLV - a la fecha de suscripción del contrato | D46: =IFERROR((D44/(VLOOKUP(H43,Hoja1!$A$9:$C$44,3,0)))*C37,"PENDIENTE") -> 100 | F46: =IF(D46=0,"NO CUMPLE","CUMPLE") -> CUMPLE
B47: TIPO DE PLAN DE MEDIOS ACREDITADO | C47: RADIO | D47: x | F47: =IF(K52>=1,"CUMPLE","NO CUMPLE") -> CUMPLE | J47: x | K47: =IF(D47="X",1,0) -> 1
C48: PRENSA | D48: x | K48: =IF(D48="X",1,0) -> 1
C49: TELEVISIÓN | D49: x | K49: =IF(D49="X",1,0) -> 1
C50: DIGITALES | D50: x | K50: =IF(D50="X",1,0) -> 1
C51: MEDIOS ALTERNATIVOS | D51: x | K51: =IF(D51="X",1,0) -> 1
B52: Valoración de la experiencia acreditada mediante el presente contrato | F52: =IF(F47="","PENDIENTE",IF(F46="","PENDIENTE",IF(F45="","PENDIENTE",IF(F44="","PENDIENTE",IF(F43="","PENDIENTE",IF(F39="","PENDIENTE",IF(F47="NO CUMPLE","NO CUMPLE",IF(F46="NO CUMPLE","NO CUMPLE",IF(F45="NO CUMPLE","NO CUMPLE",IF(F44="NO CUMPLE","NO CUMPLE",(IF(F43="NO CUMPLE","NO CUMPLE",IF(F39="NO CUMPLE","NO CUMPLE","CUMPLE"))))))))))))) -> CUMPLE | H52: NO | K52: =SUM(K47:K51) -> 5
B54: Contrato 3 - | C54: nombre del proponente o miembro de la estructura plural que aporta la experiencia.
B55: Objeto: | C55: OBJETO DEL CONTRATO
B56: Contratante:
B57: Porcentaje de Participación Consorcios /UT: | C57: 1
C58: Requisito | D58: Acreditado | E58: Consecutivo RUP | F58: Cumple/No cumple | G58: Observaciones
B59: Códigos del Clasificador de Bienes y Servicios | C59: 82101500 | F59: =IF(K63>=1,"CUMPLE","NO CUMPLE") -> NO CUMPLE | J59: x | K59: =IF(D59="X",1,0) -> 0
C60: 82101600 | K60: =IF(D60="X",1,0) -> 0
C61: 82101800 | K61: =IF(D61="X",1,0) -> 0
C62: 82101900 | K62: =IF(D62="X",1,0) -> 0
B63: Fecha de suscripción del contrato | F63: =IF(D63="","NO CUMPLE","CUMPLE") -> NO CUMPLE | H63: =YEAR(D63) -> 1900 | K63: =SUM(K59:K62) -> 0
B64: Valor del proyecto o contrato | F64: =IF(D64="","NO CUMPLE","CUMPLE") -> NO CUMPLE
B65: Fecha de terminación del contrato | F65: =IF(D65="","",IF(OR(D65>$C$5,D65<$K$25,),"NO CUMPLE","CUMPLE")) | K65: 41846
B66: SMMLV - a la fecha de suscripción del contrato | D66: =IFERROR((D64/(VLOOKUP(H63,Hoja1!$A$9:$C$44,3,0)))*C57,"PENDIENTE") -> PENDIENTE | F66: =IF(D66=0,"NO CUMPLE","CUMPLE") -> CUMPLE
B67: TIPO DE PLAN DE MEDIOS ACREDITADO | C67: RADIO | F67: =IF(K72>=1,"CUMPLE","NO CUMPLE") -> NO CUMPLE | J67: x | K67: =IF(D67="X",1,0) -> 0
C68: PRENSA | K68: =IF(D68="X",1,0) -> 0
C69: TELEVISIÓN | K69: =IF(D69="X",1,0) -> 0
C70: DIGITALES | K70: =IF(D70="X",1,0) -> 0
C71: MEDIOS ALTERNATIVOS | K71: =IF(D71="X",1,0) -> 0
B72: Valoración de la experiencia acreditada mediante el presente contrato | F72: =IF(F67="","PENDIENTE",IF(F66="","PENDIENTE",IF(F65="","PENDIENTE",IF(F64="","PENDIENTE",IF(F63="","PENDIENTE",IF(F59="","PENDIENTE",IF(F67="NO CUMPLE","NO CUMPLE",IF(F66="NO CUMPLE","NO CUMPLE",IF(F65="NO CUMPLE","NO CUMPLE",IF(F64="NO CUMPLE","NO CUMPLE",(IF(F63="NO CUMPLE","NO CUMPLE",IF(F59="NO CUMPLE","NO CUMPLE","CUMPLE"))))))))))))) -> PENDIENTE | H72: NO | K72: =SUM(K67:K71) -> 0
B74: Contrato 4 - | C74: nombre del proponente o miembro de la estructura plural que aporta la experiencia.
B75: Objeto: | C75: OBJETO DEL CONTRATO
B76: Contratante:
B77: Porcentaje de Participación Consorcios /UT: | C77: 1
C78: Requisito | D78: Acreditado | E78: Consecutivo RUP | F78: Cumple/No cumple | G78: Observaciones
B79: Códigos del Clasificador de Bienes y Servicios | C79: 82101500 | F79: =IF(K83>=1,"CUMPLE","NO CUMPLE") -> NO CUMPLE | J79: x | K79: =IF(D79="X",1,0) -> 0
C80: 82101600 | K80: =IF(D80="X",1,0) -> 0
C81: 82101800 | K81: =IF(D81="X",1,0) -> 0
C82: 82101900 | K82: =IF(D82="X",1,0) -> 0
B83: Fecha de suscripción del contrato | F83: =IF(D83="","NO CUMPLE","CUMPLE") -> NO CUMPLE | H83: =YEAR(D83) -> 1900 | K83: =SUM(K79:K82) -> 0
B84: Valor del proyecto o contrato | F84: =IF(D84="","NO CUMPLE","CUMPLE") -> NO CUMPLE
B85: Fecha de terminación del contrato | F85: =IF(D85="","",IF(OR(D85>$C$5,D85<$K$25,),"NO CUMPLE","CUMPLE")) | K85: 41846
B86: SMMLV - a la fecha de suscripción del contrato | D86: =IFERROR((D84/(VLOOKUP(H83,Hoja1!$A$9:$C$44,3,0)))*C77,"PENDIENTE") -> PENDIENTE | F86: =IF(D86=0,"NO CUMPLE","CUMPLE") -> CUMPLE
B87: TIPO DE PLAN DE MEDIOS ACREDITADO | C87: RADIO | F87: =IF(K92>=1,"CUMPLE","NO CUMPLE") -> NO CUMPLE | J87: x | K87: =IF(D87="X",1,0) -> 0
C88: PRENSA | K88: =IF(D88="X",1,0) -> 0
C89: TELEVISIÓN | K89: =IF(D89="X",1,0) -> 0
C90: DIGITALES | K90: =IF(D90="X",1,0) -> 0
C91: MEDIOS ALTERNATIVOS | K91: =IF(D91="X",1,0) -> 0
B92: Valoración de la experiencia acreditada mediante el presente contrato | F92: =IF(F87="","PENDIENTE",IF(F86="","PENDIENTE",IF(F85="","PENDIENTE",IF(F84="","PENDIENTE",IF(F83="","PENDIENTE",IF(F79="","PENDIENTE",IF(F87="NO CUMPLE","NO CUMPLE",IF(F86="NO CUMPLE","NO CUMPLE",IF(F85="NO CUMPLE","NO CUMPLE",IF(F84="NO CUMPLE","NO CUMPLE",(IF(F83="NO CUMPLE","NO CUMPLE",IF(F79="NO CUMPLE","NO CUMPLE","CUMPLE"))))))))))))) -> PENDIENTE | H92: NO | K92: =SUM(K87:K91) -> 0
B94: Contrato 5 - | C94: nombre del proponente o miembro de la estructura plural que aporta la experiencia.
B95: Objeto: | C95: OBJETO DEL CONTRATO
B96: Contratante:
B97: Porcentaje de Participación Consorcios /UT: | C97: 1
C98: Requisito | D98: Acreditado | E98: Consecutivo RUP | F98: Cumple/No cumple | G98: Observaciones
B99: Códigos del Clasificador de Bienes y Servicios | C99: 82101500 | F99: =IF(K103>=1,"CUMPLE","NO CUMPLE") -> NO CUMPLE | J99: x | K99: =IF(D99="X",1,0) -> 0
C100: 82101600 | K100: =IF(D100="X",1,0) -> 0
C101: 82101800 | K101: =IF(D101="X",1,0) -> 0
C102: 82101900 | K102: =IF(D102="X",1,0) -> 0
B103: Fecha de suscripción del contrato | F103: =IF(D103="","NO CUMPLE","CUMPLE") -> NO CUMPLE | H103: =YEAR(D103) -> 1900 | K103: =SUM(K99:K102) -> 0
B104: Valor del proyecto o contrato | F104: =IF(D104="","NO CUMPLE","CUMPLE") -> NO CUMPLE
B105: Fecha de terminación del contrato | F105: =IF(D105="","",IF(OR(D105>$C$5,D105<$K$25,),"NO CUMPLE","CUMPLE")) | K105: 41846
B106: SMMLV - a la fecha de suscripción del contrato | D106: =IFERROR((D104/(VLOOKUP(H103,Hoja1!$A$9:$C$44,3,0)))*C97,"PENDIENTE") -> PENDIENTE | F106: =IF(D106=0,"NO CUMPLE","CUMPLE") -> CUMPLE
B107: TIPO DE PLAN DE MEDIOS ACREDITADO | C107: RADIO | F107: =IF(K112>=1,"CUMPLE","NO CUMPLE") -> NO CUMPLE | J107: x | K107: =IF(D107="X",1,0) -> 0 | M107: =IF(F32="CUMPLE",1,0) -> 1
C108: PRENSA | K108: =IF(D108="X",1,0) -> 0 | M108: =IF(F52="CUMPLE",1,0) -> 1
...

Sheet PROPONENTE (3)
B3: NOMBRE DEL PROPONENTE: | C3: UNIÓN TEMPORAL ERCA Y UNIVERSAL GROUP
B4: “PRESTAR LOS SERVICIOS PARA DESARROLLAR PLANES DE MEDIOS DE LAS ESTRATEGIAS DE COMUNICACIÓN DEFINIDAS POR LA SECRETARÍA DISTRITAL DE SEGURIDAD, CONVIVENCIA Y JUSTICIA DE BOGOTÁ, CON EL FIN DE PROMOCIONAR TODOS LOS SERVICIOS Y PROGRAMAS QUE TIENE LA ENTIDAD”
B5: FECHA DE CIERRE DEL PROCESO | C5: 43672
B6: PRESUPUESTO OFICIAL: | C6: 900000000
B7: PRESUPUESTO OFICIAL EN SMMLV | C7: =C6/Hoja1!C44 -> 1086.8043
B9: Columna1 | C9: Columna2 | D9: Columna3 | E9: Columna4 | F9: Columna5 | G9: Columna6
B10: 3.6 REQUISITOS HABILITANTES TÉCNICOS
B11: 3.6.1 EXPERIENCIA DEL PROPONENTE
B13: NOMBRE DEL PROPONENTE: | C13: Universal Group
B14: Contrato 1 - | C14: 311-2018
B15: Objeto: | C15: Prestar el servicio de ejecución del plan de medios, en virtud del contrato interadministrativo 016 de 2018 suscrito con la Agencia Nacional De Seguridad Vial
B16: Contratante: | C16: Canal Regional de Televisión Teveandina LTDA
B17: Porcentaje de Participación Consorcios /UT: | C17: 0.55
C18: Requisito | D18: Acreditado | E18: Consecutivo RUP | F18: Cumple/No cumple | G18: Observaciones
B19: Códigos del Clasificador de Bienes y Servicios | C19: 82101500 | D19: x | E19: 64 | F19: =IF(K23>=1,"CUMPLE","NO CUMPLE") -> CUMPLE | J19: x | K19: =IF(D19="X",1,0) -> 1
C20: 82101600 | D20: x | E20: 64 | K20: =IF(D20="X",1,0) -> 1
C21: 82101800 | D21: x | E21: 64 | K21: =IF(D21="X",1,0) -> 1
C22: 82101900 | D22: x | E22: 64 | K22: =IF(D22="X",1,0) -> 1
B23: Fecha de suscripción del contrato | D23: 43269 | F23: =IF(D23="","NO CUMPLE","CUMPLE") -> CUMPLE | H23: =YEAR(D23) -> 2018 | K23: =SUM(K19:K22) -> 4
B24: Valor del proyecto o contrato | D24: 8144623257 | F24: =IF(D24="","NO CUMPLE","CUMPLE") -> CUMPLE
B25: Fecha de terminación del contrato | D25: 43327 | F25: =IF(D25="","",IF(OR(D25>$C$5,D25<$K$25,),"NO CUMPLE","CUMPLE")) -> CUMPLE | K25: 41846
B26: SMMLV - a la fecha de suscripción del contrato | D26: =IFERROR((D24/(VLOOKUP(H23,Hoja1!$A$9:$C$44,3,0)))*C17,"PENDIENTE") -> 5733.8735 | F26: =IF(D26=0,"NO CUMPLE","CUMPLE") -> CUMPLE
B27: TIPO DE PLAN DE MEDIOS ACREDITADO | C27: RADIO | F27: =IF(K32>=1,"CUMPLE","NO CUMPLE") -> CUMPLE | J27: x | K27: =IF(D27="X",1,0) -> 0
C28: PRENSA | K28: =IF(D28="X",1,0) -> 0
C29: TELEVISIÓN | D29: x | K29: =IF(D29="X",1,0) -> 1
C30: DIGITALES | K30: =IF(D30="X",1,0) -> 0
C31: MEDIOS ALTERNATIVOS | K31: =IF(D31="X",1,0) -> 0
B32: Valoración de la experiencia acreditada mediante el presente contrato | F32: =IF(F27="","PENDIENTE",IF(F26="","PENDIENTE",IF(F25="","PENDIENTE",IF(F24="","PENDIENTE",IF(F23="","PENDIENTE",IF(F19="","PENDIENTE",IF(F27="NO CUMPLE","NO CUMPLE",IF(F26="NO CUMPLE","NO CUMPLE",IF(F25="NO CUMPLE","NO CUMPLE",IF(F24="NO CUMPLE","NO CUMPLE",(IF(F23="NO CUMPLE","NO CUMPLE",IF(F19="NO CUMPLE","NO CUMPLE","CUMPLE"))))))))))))) -> CUMPLE | H32: NO | K32: =SUM(K27:K31) -> 1
B34: Contrato 2 | C34: 071-2015 (UNIVERSAL GROUP)
B35: Objeto: | C35: Realizar el cubrimiento en medios de la campaña de la Policia Nacional "Un compromiso de Corazón"
B36: Contratante: | C36: Imprenta Nacional de Colombia
B37: Porcentaje de Participación Consorcios /UT: | C37: 0.7
C38: Requisito | D38: Acreditado | E38: Consecutivo RUP | F38: Cumple/No cumple | G38: Observaciones
B39: Códigos del Clasificador de Bienes y Servicios | C39: 82101500 | D39: x | E39: 35 | F39: =IF(K43>=1,"CUMPLE","NO CUMPLE") -> CUMPLE | J39: x | K39: =IF(D39="X",1,0) -> 1
C40: 82101600 | D40: x | E40: 35 | K40: =IF(D40="X",1,0) -> 1
C41: 82101800 | D41: x | E41: 35 | K41: =IF(D41="X",1,0) -> 1
C42: 82101900 | D42: x | E42: 35 | K42: =IF(D42="X",1,0) -> 1
B43: Fecha de suscripción del contrato | D43: 42257 | F43: =IF(D43="","NO CUMPLE","CUMPLE") -> CUMPLE | H43: =YEAR(D43) -> 2015 | K43: =SUM(K39:K42) -> 4
B44: Valor del proyecto o contrato | D44: 2093337808 | F44: =IF(D44="","NO CUMPLE","CUMPLE") -> CUMPLE
B45: Fecha de terminación del contrato | D45: 42369 | F45: =IF(D45="","",IF(OR(D45>$C$5,D45<$K$25,),"NO CUMPLE","CUMPLE")) -> CUMPLE | K45: 41846
B46: SMMLV - a la fecha de suscripción del contrato | D46: =IFERROR((D44/(VLOOKUP(H43,Hoja1!$A$9:$C$44,3,0)))*C37,"PENDIENTE") -> 2274.1312 | F46: =IF(D46=0,"NO CUMPLE","CUMPLE") -> CUMPLE
B47: TIPO DE PLAN DE MEDIOS ACREDITADO | C47: RADIO | D47: x | F47: =IF(K52>=1,"CUMPLE","NO CUMPLE") -> CUMPLE | J47: x | K47: =IF(D47="X",1,0) -> 1
C48: PRENSA | D48: x | K48: =IF(D48="X",1,0) -> 1
C49: TELEVISIÓN | D49: x | K49: =IF(D49="X",1,0) -> 1
C50: DIGITALES | D50: x | K50: =IF(D50="X",1,0) -> 1
C51: MEDIOS ALTERNATIVOS | D51: x | K51: =IF(D51="X",1,0) -> 1
B52: Valoración de la experiencia acreditada mediante el presente contrato | F52: =IF(F47="","PENDIENTE",IF(F46="","PENDIENTE",IF(F45="","PENDIENTE",IF(F44="","PENDIENTE",IF(F43="","PENDIENTE",IF(F39="","PENDIENTE",IF(F47="NO CUMPLE","NO CUMPLE",IF(F46="NO CUMPLE","NO CUMPLE",IF(F45="NO CUMPLE","NO CUMPLE",IF(F44="NO CUMPLE","NO CUMPLE",(IF(F43="NO CUMPLE","NO CUMPLE",IF(F39="NO CUMPLE","NO CUMPLE","CUMPLE"))))))))))))) -> CUMPLE | H52: NO | K52: =SUM(K47:K51) -> 5
B54: Contrato 3 - | C54: 03-2018(GRUPO ERCA)
B55: Objeto: | C55: Prestar sus servicios como agencia y/o central de medios para la ejecución del plan de medios para radio, televisión con miras a la difusión institucional de la propaganda electoral para las elecciones del Congreso de la República-Senado y Cámara de Representantes- periodo constitucional 2018-2022
B56: Contratante: | C56: Partido Liberal Colombiano
B57: Porcentaje de Participación Consorcios /UT: | C57: 0.5
C58: Requisito | D58: Acreditado | E58: Consecutivo RUP | F58: Cumple/No cumple | G58: Observaciones
B59: Códigos del Clasificador de Bienes y Servicios | C59: 82101500 | F59: =IF(K63>=1,"CUMPLE","NO CUMPLE") -> CUMPLE | J59: x | K59: =IF(D59="X",1,0) -> 0
C60: 82101600 | D60: x | E60: 32 | K60: =IF(D60="X",1,0) -> 1
C61: 82101800 | D61: x | E61: 32 | K61: =IF(D61="X",1,0) -> 1
C62: 82101900 | D62: x | E62: 32 | K62: =IF(D62="X",1,0) -> 1
B63: Fecha de suscripción del contrato | D63: 43159 | F63: =IF(D63="","NO CUMPLE","CUMPLE") -> CUMPLE | H63: =YEAR(D63) -> 2018 | K63: =SUM(K59:K62) -> 3
B64: Valor del proyecto o contrato | D64: 821324000 | F64: =IF(D64="","NO CUMPLE","CUMPLE") -> CUMPLE
B65: Fecha de terminación del contrato | D65: 43168 | F65: =IF(D65="","",IF(OR(D65>$C$5,D65<$K$25,),"NO CUMPLE","CUMPLE")) -> CUMPLE | K65: 41846
B66: SMMLV - a la fecha de suscripción del contrato | D66: =IFERROR((D64/(VLOOKUP(H63,Hoja1!$A$9:$C$44,3,0)))*C57,"PENDIENTE") -> 525.65274 | F66: =IF(D66=0,"NO CUMPLE","CUMPLE") -> CUMPLE
B67: TIPO DE PLAN DE MEDIOS ACREDITADO | C67: RADIO | D67: x | F67: =IF(K72>=1,"CUMPLE","NO CUMPLE") -> CUMPLE | J67: x | K67: =IF(D67="X",1,0) -> 1
C68: PRENSA | D68: x | K68: =IF(D68="X",1,0) -> 1
C69: TELEVISIÓN | D69: x | K69: =IF(D69="X",1,0) -> 1
C70: DIGITALES | K70: =IF(D70="X",1,0) -> 0
C71: MEDIOS ALTERNATIVOS | D71: x | K71: =IF(D71="X",1,0) -> 1
B72: Valoración de la experiencia acreditada mediante el presente contrato | F72: =IF(F67="","PENDIENTE",IF(F66="","PENDIENTE",IF(F65="","PENDIENTE",IF(F64="","PENDIENTE",IF(F63="","PENDIENTE",IF(F59="","PENDIENTE",IF(F67="NO CUMPLE","NO CUMPLE",IF(F66="NO CUMPLE","NO CUMPLE",IF(F65="NO CUMPLE","NO CUMPLE",IF(F64="NO CUMPLE","NO CUMPLE",(IF(F63="NO CUMPLE","NO CUMPLE",IF(F59="NO CUMPLE","NO CUMPLE","CUMPLE"))))))))))))) -> CUMPLE | H72: NO | K72: =SUM(K67:K71) -> 4
B74: Contrato 4 - | C74: 013-2017 (Grupo Erca)
B75: Objeto: | C75: Prestar sus servicios como agencia y/o central de medios para la ejecución del plan de medios para radio, televisión y redes sociales con miras a la realización de la consulta popular liberal para la escogencia del candidato del Partido Liberal colombiano para la presidencia de la República de Colombia
B76: Contratante: | C76: Partido Liberal Colombiano
B77: Porcentaje de Participación Consorcios /UT: | C77: 0.5
C78: Requisito | D78: Acreditado | E78: Consecutivo RUP | F78: Cumple/No cumple | G78: Observaciones
B79: Códigos del Clasificador de Bienes y Servicios | C79: 82101500 | F79: =IF(K83>=1,"CUMPLE","NO CUMPLE") -> CUMPLE | J79: x | K79: =IF(D79="X",1,0) -> 0
C80: 82101600 | D80: x | E80: 31 | K80: =IF(D80="X",1,0) -> 1
C81: 82101800 | D81: x | E81: 31 | K81: =IF(D81="X",1,0) -> 1
C82: 82101900 | D82: x | E82: 31 | K82: =IF(D82="X",1,0) -> 1
B83: Fecha de suscripción del contrato | D83: 43048 | F83: =IF(D83="","NO CUMPLE","CUMPLE") -> CUMPLE | H83: =YEAR(D83) -> 2017 | K83: =SUM(K79:K82) -> 3
B84: Valor del proyecto o contrato | D84: 1340000000 | F84: =IF(D84="","NO CUMPLE","CUMPLE") -> CUMPLE
B85: Fecha de terminación del contrato | D85: 43057 | F85: =IF(D85="","",IF(OR(D85>$C$5,D85<$K$25,),"NO CUMPLE","CUMPLE")) -> CUMPLE | K85: 41846
B86: SMMLV - a la fecha de suscripción del contrato | D86: =IFERROR((D84/(VLOOKUP(H83,Hoja1!$A$9:$C$44,3,0)))*C77,"PENDIENTE") -> 908.20735 | F86: =IF(D86=0,"NO CUMPLE","CUMPLE") -> CUMPLE
B87: TIPO DE PLAN DE MEDIOS ACREDITADO | C87: RADIO | D87: x | F87: =IF(K92>=1,"CUMPLE","NO CUMPLE") -> CUMPLE | J87: x | K87: =IF(D87="X",1,0) -> 1
C88: PRENSA | D88: x | K88: =IF(D88="X",1,0) -> 1
C89: TELEVISIÓN | D89: x | K89: =IF(D89="X",1,0) -> 1
C90: DIGITALES | K90: =IF(D90="X",1,0) -> 0
C91: MEDIOS ALTERNATIVOS | D91: x | K91: =IF(D91="X",1,0) -> 1
B92: Valoración de la experiencia acreditada mediante el presente contrato | F92: =IF(F87="","PENDIENTE",IF(F86="","PENDIENTE",IF(F85="","PENDIENTE",IF(F84="","PENDIENTE",IF(F83="","PENDIENTE",IF(F79="","PENDIENTE",IF(F87="NO CUMPLE","NO CUMPLE",IF(F86="NO CUMPLE","NO CUMPLE",IF(F85="NO CUMPLE","NO CUMPLE",IF(F84="NO CUMPLE","NO CUMPLE",(IF(F83="NO CUMPLE","NO CUMPLE",IF(F79="NO CUMPLE","NO CUMPLE","CUMPLE"))))))))))))) -> CUMPLE | H92: NO | K92: =SUM(K87:K91) -> 4
B94: Contrato 5 - | C94: nombre del proponente o miembro de la estructura plural que aporta la experiencia.
B95: Objeto: | C95: OBJETO DEL CONTRATO
B96: Contratante:
B97: Porcentaje de Participación Consorcios /UT: | C97: 1
C98: Requisito | D98: Acreditado | E98: Consecutivo RUP | F98: Cumple/No cumple | G98: Observaciones
B99: Códigos del Clasificador de Bienes y Servicios | C99: 82101500 | F99: =IF(K103>=1,"CUMPLE","NO CUMPLE") -> NO CUMPLE | J99: x | K99: =IF(D99="X",1,0) -> 0
C100: 82101600 | K100: =IF(D100="X",1,0) -> 0
C101: 82101800 | K101: =IF(D101="X",1,0) -> 0
C102: 82101900 | K102: =IF(D102="X",1,0) -> 0
B103: Fecha de suscripción del contrato | F103: =IF(D103="","NO CUMPLE","CUMPLE") -> NO CUMPLE | H103: =YEAR(D103) -> 1900 | K103: =SUM(K99:K102) -> 0
B104: Valor del proyecto o contrato | F104: =IF(D104="","NO CUMPLE","CUMPLE") -> NO CUMPLE
B105: Fecha de terminación del contrato | F105: =IF(D105="","",IF(OR(D105>$C$5,D105<$K$25,),"NO CUMPLE","CUMPLE")) | K105: 41846
B106: SMMLV - a la fecha de suscripción del contrato | D106: =IFERROR((D104/(VLOOKUP(H103,Hoja1!$A$9:$C$44,3,0)))*C97,"PENDIENTE") -> PENDIENTE | F106: =IF(D106=0,"NO CUMPLE","CUMPLE") -> CUMPLE
B107: TIPO DE PLAN DE MEDIOS ACREDITADO | C107: RADIO | F107: =IF(K112>=1,"CUMPLE","NO CUMPLE") -> NO CUMPLE | J107: x | K107: =IF(D107="X",1,0) -> 0 | M107: =IF(F32="CUMPLE",1,0) -> 1
C108: PRENSA | K108: =IF(D108="X",1,0) -> 0 | M108: =IF(F52="CUMPLE",1,0) -> 1
...

Sheet PROPONENTE (2)
B3: NOMBRE DEL PROPONENTE: | C3: CONSORCIO NACIONAL DE MEDIOS
B4: “PRESTAR LOS SERVICIOS PARA DESARROLLAR PLANES DE MEDIOS DE LAS ESTRATEGIAS DE COMUNICACIÓN DEFINIDAS POR LA SECRETARÍA DISTRITAL DE SEGURIDAD, CONVIVENCIA Y JUSTICIA DE BOGOTÁ, CON EL FIN DE PROMOCIONAR TODOS LOS SERVICIOS Y PROGRAMAS QUE TIENE LA ENTIDAD”
B5: FECHA DE CIERRE DEL PROCESO | C5: 43672
B6: PRESUPUESTO OFICIAL: | C6: 900000000
B7: PRESUPUESTO OFICIAL EN SMMLV | C7: =C6/Hoja1!C44 -> 1086.8043
B9: Columna1 | C9: Columna2 | D9: Columna3 | E9: Columna4 | F9: Columna5 | G9: Columna6
B10: 3.6 REQUISITOS HABILITANTES TÉCNICOS
B11: 3.6.1 EXPERIENCIA DEL PROPONENTE
B13: NOMBRE DEL PROPONENTE: | C13: =C3 -> CONSORCIO NACIONAL DE MEDIOS
B14: Contrato 1 - | C14: CONSORCIO NACIONAL DE MEDIOS
B15: Objeto: | C15: SERVICIOS RELACIONADOS CON PALEACIÓN, DISEÑO E IMPLEMENTACIÓN DE ESTRATEGÍAS EN MEDIOS DE COMUNICACIÓN (TELEVISIÓN, RADIO, EUCOLES, DIGITAL REVISTAS Y VALLAS LED)
B16: Contratante: | C16: CORREDOR EMPRESARIAL S.A.
B17: Porcentaje de Participación Consorcios /UT: | C17: 1
C18: Requisito | D18: Acreditado | E18: Consecutivo RUP | F18: Cumple/No cumple | G18: Observaciones
B19: Códigos del Clasificador de Bienes y Servicios | C19: 82101500 | D19: x | E19: 96 | F19: =IF(K23>=1,"CUMPLE","NO CUMPLE") -> CUMPLE | G19: El consecutivo del RUP para este contrato no es el 98 como lo certifican en el formato N°2, sino el 96 | J19: x | K19: =IF(D19="X",1,0) -> 1
C20: 82101600 | D20: x | E20: 96 | K20: =IF(D20="X",1,0) -> 1
C21: 82101800 | D21: x | E21: 96 | K21: =IF(D21="X",1,0) -> 1
C22: 82101900 | D22: x | E22: 96 | K22: =IF(D22="X",1,0) -> 1
B23: Fecha de suscripción del contrato | D23: 42736 | F23: =IF(D23="","NO CUMPLE","CUMPLE") -> CUMPLE | H23: =YEAR(D23) -> 2017 | K23: =SUM(K19:K22) -> 4
B24: Valor del proyecto o contrato | D24: 6499001322 | F24: =IF(D24="","NO CUMPLE","CUMPLE") -> CUMPLE
B25: Fecha de terminación del contrato | D25: 43100 | F25: =IF(D25="","",IF(OR(D25>$C$5,D25<$K$25,),"NO CUMPLE","CUMPLE")) -> CUMPLE | K25: 41846
B26: SMMLV - a la fecha de suscripción del contrato | D26: =IFERROR((D24/(VLOOKUP(H23,Hoja1!$A$9:$C$44,3,0)))*C17,"PENDIENTE") -> 8809.6131 | F26: =IF(D26=0,"NO CUMPLE","CUMPLE") -> CUMPLE
B27: TIPO DE PLAN DE MEDIOS ACREDITADO | C27: RADIO | D27: x | F27: =IF(K32>=1,"CUMPLE","NO CUMPLE") -> CUMPLE | J27: x | K27: =IF(D27="X",1,0) -> 1
C28: PRENSA | D28: x | K28: =IF(D28="X",1,0) -> 1
C29: TELEVISIÓN | D29: x | K29: =IF(D29="X",1,0) -> 1
C30: DIGITALES | D30: x | K30: =IF(D30="X",1,0) -> 1
C31: MEDIOS ALTERNATIVOS | D31: x | K31: =IF(D31="X",1,0) -> 1
B32: Valoración de la experiencia acreditada mediante el presente contrato | F32: =IF(F27="","PENDIENTE",IF(F26="","PENDIENTE",IF(F25="","PENDIENTE",IF(F24="","PENDIENTE",IF(F23="","PENDIENTE",IF(F19="","PENDIENTE",IF(F27="NO CUMPLE","NO CUMPLE",IF(F26="NO CUMPLE","NO CUMPLE",IF(F25="NO CUMPLE","NO CUMPLE",IF(F24="NO CUMPLE","NO CUMPLE",(IF(F23="NO CUMPLE","NO CUMPLE",IF(F19="NO CUMPLE","NO CUMPLE","CUMPLE"))))))))))))) -> CUMPLE | H32: NO | K32: =SUM(K27:K31) -> 5
B34: Contrato 2 | C34: CONSORCIO NACIONAL DE MEDIOS
B35: Objeto: | C35: SERVICIOS RELACIONADOS CON PALEACIÓN, DISEÑO E IMPLEMENTACIÓN DE ESTRATEGÍAS EN MEDIOS DE COMUNICACIÓN (TELEVISIÓN, RADIO, EUCOLES, DIGITAL REVISTAS Y VALLAS LED)
B36: Contratante: | C36: CORREDOR EMPRESARIAL S.A.
B37: Porcentaje de Participación Consorcios /UT: | C37: 1
C38: Requisito | D38: Acreditado | E38: Consecutivo RUP | F38: Cumple/No cumple | G38: Observaciones
B39: Códigos del Clasificador de Bienes y Servicios | C39: 82101500 | D39: x | E39: 97 | F39: =IF(K43>=1,"CUMPLE","NO CUMPLE") -> CUMPLE | J39: x | K39: =IF(D39="X",1,0) -> 1
C40: 82101600 | D40: x | E40: 97 | K40: =IF(D40="X",1,0) -> 1
C41: 82101800 | D41: x | E41: 97 | K41: =IF(D41="X",1,0) -> 1
C42: 82101900 | D42: x | E42: 97 | K42: =IF(D42="X",1,0) -> 1
B43: Fecha de suscripción del contrato | D43: 43101 | F43: =IF(D43="","NO CUMPLE","CUMPLE") -> CUMPLE | H43: =YEAR(D43) -> 2018 | K43: =SUM(K39:K42) -> 4
B44: Valor del proyecto o contrato | D44: 8149365261 | F44: =IF(D44="","NO CUMPLE","CUMPLE") -> CUMPLE
B45: Fecha de terminación del contrato | D45: 43465 | F45: =IF(D45="","",IF(OR(D45>$C$5,D45<$K$25,),"NO CUMPLE","CUMPLE")) -> CUMPLE | K45: 41846
B46: SMMLV - a la fecha de suscripción del contrato | D46: =IFERROR((D44/(VLOOKUP(H43,Hoja1!$A$9:$C$44,3,0)))*C37,"PENDIENTE") -> 10431.294 | E46: 97 | F46: =IF(D46=0,"NO CUMPLE","CUMPLE") -> CUMPLE
B47: TIPO DE PLAN DE MEDIOS ACREDITADO | C47: RADIO | D47: x | F47: =IF(K52>=1,"CUMPLE","NO CUMPLE") -> CUMPLE | J47: x | K47: =IF(D47="X",1,0) -> 1
C48: PRENSA | D48: x | K48: =IF(D48="X",1,0) -> 1
C49: TELEVISIÓN | D49: x | K49: =IF(D49="X",1,0) -> 1
C50: DIGITALES | D50: x | K50: =IF(D50="X",1,0) -> 1
C51: MEDIOS ALTERNATIVOS | D51: x | K51: =IF(D51="X",1,0) -> 1
B52: Valoración de la experiencia acreditada mediante el presente contrato | F52: =IF(F47="","PENDIENTE",IF(F46="","PENDIENTE",IF(F45="","PENDIENTE",IF(F44="","PENDIENTE",IF(F43="","PENDIENTE",IF(F39="","PENDIENTE",IF(F47="NO CUMPLE","NO CUMPLE",IF(F46="NO CUMPLE","NO CUMPLE",IF(F45="NO CUMPLE","NO CUMPLE",IF(F44="NO CUMPLE","NO CUMPLE",(IF(F43="NO CUMPLE","NO CUMPLE",IF(F39="NO CUMPLE","NO CUMPLE","CUMPLE"))))))))))))) -> CUMPLE | H52: NO | K52: =SUM(K47:K51) -> 5
B54: Contrato 3 - | C54: CONSORCIO NACIONAL DE MEDIOS
B55: Objeto: | C55: PRESTAR LOS SERVICIOS DE UNA CENTRAL DE MEDIOS PARA LA DIFUSIÓN A TRAVÉS DE MEDIOS MASIVOS DE COMUNICACIÓN A NIVEL REGIONAL, LOCAL Y COMUNITARIO, DE LAS CAMPAÑAS REALIZADAS POR EL GRUPO DE ATENCIÓN HUMANITARIA AL DESMOVILIZADO (GAHD), TENDIENTES A PROMOVER LA DESMOVILIZACIÓN DE LOS MIEMBROS DE GRUPOS ARMADOS ORGANIZADOS AL MARGEN DE LA LEY (GAOML), ASÍ COMO LA PREVENCIÓN DE RECLUTAMIENTO ILÍCITO, Y LA SENSIBILIZACIÓN A LA COMUNIDAD FRENTE AL DESMOVILIZADO, EN CUMPLIMIENTO DEL ARTICULO 4º DEL DECRETO 395 DE 2007 Y TODAS LAS NORMAS QUE LO COMPLEMENTEN, ADICIONES O SUSTITUYAN.
B56: Contratante: | C56: MINISTERIO DE DEFENSA
B57: Porcentaje de Participación Consorcios /UT: | C57: 0.5
C58: Requisito | D58: Acreditado | E58: Consecutivo RUP | F58: Cumple/No cumple | G58: Observaciones
B59: Códigos del Clasificador de Bienes y Servicios | C59: 82101500 | D59: x | E59: 90 | F59: =IF(K63>=1,"CUMPLE","NO CUMPLE") -> CUMPLE | J59: x | K59: =IF(D59="X",1,0) -> 1
C60: 82101600 | D60: x | E60: 90 | K60: =IF(D60="X",1,0) -> 1
C61: 82101800 | D61: x | E61: 90 | K61: =IF(D61="X",1,0) -> 1
C62: 82101900 | D62: x | E62: 90 | K62: =IF(D62="X",1,0) -> 1
B63: Fecha de suscripción del contrato | D63: 41991 | F63: =IF(D63="","NO CUMPLE","CUMPLE") -> CUMPLE | H63: =YEAR(D63) -> 2014 | K63: =SUM(K59:K62) -> 4
B64: Valor del proyecto o contrato | D64: 1022100747 | F64: =IF(D64="","NO CUMPLE","CUMPLE") -> CUMPLE
B65: Fecha de terminación del contrato | D65: 42369 | F65: =IF(D65="","",IF(OR(D65>$C$5,D65<$K$25,),"NO CUMPLE","CUMPLE")) -> CUMPLE | K65: 41846
B66: SMMLV - a la fecha de suscripción del contrato | D66: =IFERROR((D64/(VLOOKUP(H63,Hoja1!$A$9:$C$44,3,0)))*C57,"PENDIENTE") -> 829.62723 | F66: =IF(D66=0,"NO CUMPLE","CUMPLE") -> CUMPLE
B67: TIPO DE PLAN DE MEDIOS ACREDITADO | C67: RADIO | D67: x | F67: =IF(K72>=1,"CUMPLE","NO CUMPLE") -> CUMPLE | J67: x | K67: =IF(D67="X",1,0) -> 1
C68: PRENSA | D68: x | K68: =IF(D68="X",1,0) -> 1
C69: TELEVISIÓN | D69: x | K69: =IF(D69="X",1,0) -> 1
C70: DIGITALES | K70: =IF(D70="X",1,0) -> 0
C71: MEDIOS ALTERNATIVOS | K71: =IF(D71="X",1,0) -> 0
B72: Valoración de la experiencia acreditada mediante el presente contrato | F72: =IF(F67="","PENDIENTE",IF(F66="","PENDIENTE",IF(F65="","PENDIENTE",IF(F64="","PENDIENTE",IF(F63="","PENDIENTE",IF(F59="","PENDIENTE",IF(F67="NO CUMPLE","NO CUMPLE",IF(F66="NO CUMPLE","NO CUMPLE",IF(F65="NO CUMPLE","NO CUMPLE",IF(F64="NO CUMPLE","NO CUMPLE",(IF(F63="NO CUMPLE","NO CUMPLE",IF(F59="NO CUMPLE","NO CUMPLE","CUMPLE"))))))))))))) -> CUMPLE | H72: NO | K72: =SUM(K67:K71) -> 3
B74: Contrato 4 - | C74: CONSORCIO NACIONAL DE MEDIOS
B75: Objeto: | C75: CONTRATAR LOS SERVICIOS COMO AGENCIA DE MEDIOS PARA FACILITAR ACCESO A ESPACIOS DE DIVULGACIÓN EN MEDIOS MASIVOS, COMUNITARIOS Y/O ALTERNATIVOS DE COMUNICACIÓN.
B76: Contratante: | C76: METROVIVIENDA
B77: Porcentaje de Participación Consorcios /UT: | C77: 1
C78: Requisito | D78: Acreditado | E78: Consecutivo RUP | F78: Cumple/No cumple | G78: Observaciones
B79: Códigos del Clasificador de Bienes y Servicios | C79: 82101500 | D79: x | E79: 80 | F79: =IF(K83>=1,"CUMPLE","NO CUMPLE") -> CUMPLE | J79: x | K79: =IF(D79="X",1,0) -> 1
C80: 82101600 | D80: x | E80: 80 | K80: =IF(D80="X",1,0) -> 1
C81: 82101800 | D81: x | E81: 80 | K81: =IF(D81="X",1,0) -> 1
C82: 82101900 | D82: x | E82: 80 | K82: =IF(D82="X",1,0) -> 1
B83: Fecha de suscripción del contrato | D83: 42003 | F83: =IF(D83="","NO CUMPLE","CUMPLE") -> CUMPLE | H83: =YEAR(D83) -> 2014 | K83: =SUM(K79:K82) -> 4
B84: Valor del proyecto o contrato | D84: 299933215 | F84: =IF(D84="","NO CUMPLE","CUMPLE") -> CUMPLE
B85: Fecha de terminación del contrato | D85: 42184 | F85: =IF(D85="","",IF(OR(D85>$C$5,D85<$K$25,),"NO CUMPLE","CUMPLE")) -> CUMPLE | K85: 41846
B86: SMMLV - a la fecha de suscripción del contrato | D86: =IFERROR((D84/(VLOOKUP(H83,Hoja1!$A$9:$C$44,3,0)))*C77,"PENDIENTE") -> 486.90457 | F86: =IF(D86=0,"NO CUMPLE","CUMPLE") -> CUMPLE
B87: TIPO DE PLAN DE MEDIOS ACREDITADO | C87: RADIO | F87: =IF(K92>=1,"CUMPLE","NO CUMPLE") -> CUMPLE | J87: x | K87: =IF(D87="X",1,0) -> 0
C88: PRENSA | D88: x | K88: =IF(D88="X",1,0) -> 1
C89: TELEVISIÓN | D89: x | K89: =IF(D89="X",1,0) -> 1
C90: DIGITALES | K90: =IF(D90="X",1,0) -> 0
C91: MEDIOS ALTERNATIVOS | D91: x | K91: =IF(D91="X",1,0) -> 1
B92: Valoración de la experiencia acreditada mediante el presente contrato | F92: =IF(F87="","PENDIENTE",IF(F86="","PENDIENTE",IF(F85="","PENDIENTE",IF(F84="","PENDIENTE",IF(F83="","PENDIENTE",IF(F79="","PENDIENTE",IF(F87="NO CUMPLE","NO CUMPLE",IF(F86="NO CUMPLE","NO CUMPLE",IF(F85="NO CUMPLE","NO CUMPLE",IF(F84="NO CUMPLE","NO CUMPLE",(IF(F83="NO CUMPLE","NO CUMPLE",IF(F79="NO CUMPLE","NO CUMPLE","CUMPLE"))))))))))))) -> CUMPLE | H92: NO | K92: =SUM(K87:K91) -> 3
B94: Contrato 5 - | C94: CONSORCIO NACIONAL DE MEDIOS
B95: Objeto: | C95: CONTRATAR LOS SERVICIOS PARA LA EJECUCIÓN DEL MANEJO DEL PLAN DE MEDIOS DE LOS DIFERENTES PROGRAMAS Y ACTIVIDADES DE LA ALCALDÍA MUNICIPAL DE SOACHA.
B96: Contratante: | C96: MUNICIPIO DE SOACHA
B97: Porcentaje de Participación Consorcios /UT: | C97: 1
C98: Requisito | D98: Acreditado | E98: Consecutivo RUP | F98: Cumple/No cumple | G98: Observaciones
B99: Códigos del Clasificador de Bienes y Servicios | C99: 82101500 | D99: x | E99: 88 | F99: =IF(K103>=1,"CUMPLE","NO CUMPLE") -> CUMPLE | J99: x | K99: =IF(D99="X",1,0) -> 1
C100: 82101600 | D100: x | E100: 88 | K100: =IF(D100="X",1,0) -> 1
C101: 82101800 | D101: x | E101: 88 | K101: =IF(D101="X",1,0) -> 1
C102: 82101900 | D102: x | E102: 88 | K102: =IF(D102="X",1,0) -> 1
B103: Fecha de suscripción del contrato | D103: 42943 | F103: =IF(D103="","NO CUMPLE","CUMPLE") -> CUMPLE | H103: =YEAR(D103) -> 2017 | K103: =SUM(K99:K102) -> 4
B104: Valor del proyecto o contrato | D104: 204240000 | F104: =IF(D104="","NO CUMPLE","CUMPLE") -> CUMPLE
B105: Fecha de terminación del contrato | D105: 43100 | F105: =IF(D105="","",IF(OR(D105>$C$5,D105<$K$25,),"NO CUMPLE","CUMPLE")) -> CUMPLE | K105: 41846
B106: SMMLV - a la fecha de suscripción del contrato | D106: =IFERROR((D104/(VLOOKUP(H103,Hoja1!$A$9:$C$44,3,0)))*C97,"PENDIENTE") -> 276.85413 | F106: =IF(D106=0,"NO CUMPLE","CUMPLE") -> CUMPLE
B107: TIPO DE PLAN DE MEDIOS ACREDITADO | C107: RADIO | D107: x | F107: =IF(K112>=1,"CUMPLE","NO CUMPLE") -> CUMPLE | J107: x | K107: =IF(D107="X",1,0) -> 1 | M107: =IF(F32="CUMPLE",1,0) -> 1
C108: PRENSA | D108: x | K108: =IF(D108="X",1,0) -> 1 | M108: =IF(F52="CUMPLE",1,0) -> 1
...

Sheet PROPONENTE (1)
B3: NOMBRE DEL PROPONENTE: | C3: CENTURY MEDIA S.A.S.
B4: “PRESTAR LOS SERVICIOS PARA DESARROLLAR PLANES DE MEDIOS DE LAS ESTRATEGIAS DE COMUNICACIÓN DEFINIDAS POR LA SECRETARÍA DISTRITAL DE SEGURIDAD, CONVIVENCIA Y JUSTICIA DE BOGOTÁ, CON EL FIN DE PROMOCIONAR TODOS LOS SERVICIOS Y PROGRAMAS QUE TIENE LA ENTIDAD”
B5: FECHA DE CIERRE DEL PROCESO | C5: 43672
B6: PRESUPUESTO OFICIAL: | C6: 900000000
B7: PRESUPUESTO OFICIAL EN SMMLV | C7: =C6/Hoja1!C44 -> 1086.8043
B9: Columna1 | C9: Columna2 | D9: Columna3 | E9: Columna4 | F9: Columna5 | G9: Columna6
B10: 3.6 REQUISITOS HABILITANTES TÉCNICOS
B11: 3.6.1 EXPERIENCIA DEL PROPONENTE
B13: NOMBRE DEL PROPONENTE: | C13: CENTURY MEDIA S.A.S.
B14: Contrato 1 - | C14: 838-2015
B15: Objeto: | C15: "PAUTAR EN MEDIOS DE COMUNICACIÓN LAS ESTRATEGÍAS DE COMUNICACIÓN DEL MINISTERIO, A PROPÓSITO DEL INTERÉS PÚBLICO EN SALUD Y PROTECCIÓN SOCIAL
B16: Contratante: | C16: MINISTERIO DE SALUD Y PROTECCIÓN SOCIAL
B17: Porcentaje de Participación Consorcios /UT: | C17: 1
C18: Requisito | D18: Acreditado | E18: Consecutivo RUP | F18: Cumple/No cumple | G18: Observaciones
B19: Códigos del Clasificador de Bienes y Servicios | C19: 82101500 | D19: x | E19: 72 | F19: =IF(K23>=1,"CUMPLE","NO CUMPLE") -> CUMPLE | J19: x | K19: =IF(D19="X",1,0) -> 1
C20: 82101600 | D20: x | E20: 72 | K20: =IF(D20="X",1,0) -> 1
C21: 82101800 | D21: x | E21: 72 | K21: =IF(D21="X",1,0) -> 1
C22: 82101900 | D22: x | E22: 72 | K22: =IF(D22="X",1,0) -> 1
B23: Fecha de suscripción del contrato | D23: 42342 | F23: =IF(D23="","NO CUMPLE","CUMPLE") -> CUMPLE | H23: =YEAR(D23) -> 2015 | K23: =SUM(K19:K22) -> 4
B24: Valor del proyecto o contrato | D24: 12138461704 | F24: =IF(D24="","NO CUMPLE","CUMPLE") -> CUMPLE
B25: Fecha de terminación del contrato | D25: 42459 | F25: =IF(D25="","",IF(OR(D25>$C$5,D25<$K$25,),"NO CUMPLE","CUMPLE")) -> CUMPLE | K25: 41846
B26: SMMLV - a la fecha de suscripción del contrato | D26: =IFERROR((D24/(VLOOKUP(H23,Hoja1!$A$9:$C$44,3,0)))*C17,"PENDIENTE") -> 18838.305 | F26: =IF(D26=0,"NO CUMPLE","CUMPLE") -> CUMPLE
B27: TIPO DE PLAN DE MEDIOS ACREDITADO | C27: RADIO | D27: x | F27: =IF(K32>=1,"CUMPLE","NO CUMPLE") -> CUMPLE | J27: x | K27: =IF(D27="X",1,0) -> 1
C28: PRENSA | D28: x | K28: =IF(D28="X",1,0) -> 1
C29: TELEVISIÓN | D29: x | K29: =IF(D29="X",1,0) -> 1
C30: DIGITALES | D30: x | K30: =IF(D30="X",1,0) -> 1
C31: MEDIOS ALTERNATIVOS | D31: x | K31: =IF(D31="X",1,0) -> 1
B32: Valoración de la experiencia acreditada mediante el presente contrato | F32: =IF(F27="","PENDIENTE",IF(F26="","PENDIENTE",IF(F25="","PENDIENTE",IF(F24="","PENDIENTE",IF(F23="","PENDIENTE",IF(F19="","PENDIENTE",IF(F27="NO CUMPLE","NO CUMPLE",IF(F26="NO CUMPLE","NO CUMPLE",IF(F25="NO CUMPLE","NO CUMPLE",IF(F24="NO CUMPLE","NO CUMPLE",(IF(F23="NO CUMPLE","NO CUMPLE",IF(F19="NO CUMPLE","NO CUMPLE","CUMPLE"))))))))))))) -> CUMPLE | H32: NO | K32: =SUM(K27:K31) -> 5
B34: Contrato 2 | C34: 161-2015
B35: Objeto: | C35: "CONTRATAR LOS SERVICIOS DE UNA CENTRAL DE MEDIOS PARA QUE REALICE LA DIFUSIÓN DE LA ESTRATEGÍA DE COMUNICACIÓN A TRAVÉS DE LOS DIFERENTES MEDIOS DE COMUNICACIÓN MASIVOS, DE ACUERDO A LAS NECESIDADES DE LA SUPERINTENDENCIA NACIONAL DE SALUD, EL ANEXO N°1 ESPECIFICACIONES TÉCNICAS DEL PRESENTE CONTRATO Y LA PROPUESTA DEL CONTRATISTA"
B36: Contratante: | C36: SUPERINTENDENCIA DE SALUD
B37: Porcentaje de Participación Consorcios /UT: | C37: 1
C38: Requisito | D38: Acreditado | E38: Consecutivo RUP | F38: Cumple/No cumple | G38: Observaciones
B39: Códigos del Clasificador de Bienes y Servicios | C39: 82101500 | D39: x | E39: 68 | F39: =IF(K43>=1,"CUMPLE","NO CUMPLE") -> CUMPLE | J39: x | K39: =IF(D39="X",1,0) -> 1
C40: 82101600 | D40: x | E40: 68 | K40: =IF(D40="X",1,0) -> 1
C41: 82101800 | D41: x | E41: 68 | K41: =IF(D41="X",1,0) -> 1
C42: 82101900 | D42: x | E42: 68 | K42: =IF(D42="X",1,0) -> 1
B43: Fecha de suscripción del contrato | D43: 42293 | F43: =IF(D43="","NO CUMPLE","CUMPLE") -> CUMPLE | H43: =YEAR(D43) -> 2015 | K43: =SUM(K39:K42) -> 4
B44: Valor del proyecto o contrato | D44: 2799999946 | F44: =IF(D44="","NO CUMPLE","CUMPLE") -> CUMPLE
B45: Fecha de terminación del contrato | D45: 42369 | F45: =IF(D45="","",IF(OR(D45>$C$5,D45<$K$25,),"NO CUMPLE","CUMPLE")) -> CUMPLE | K45: 41846
B46: SMMLV - a la fecha de suscripción del contrato | D46: =IFERROR((D44/(VLOOKUP(H43,Hoja1!$A$9:$C$44,3,0)))*C37,"PENDIENTE") -> 4345.4643 | F46: =IF(D46=0,"NO CUMPLE","CUMPLE") -> CUMPLE
B47: TIPO DE PLAN DE MEDIOS ACREDITADO | C47: RADIO | D47: x | F47: =IF(K52>=1,"CUMPLE","NO CUMPLE") -> CUMPLE | J47: x | K47: =IF(D47="X",1,0) -> 1
C48: PRENSA | D48: x | K48: =IF(D48="X",1,0) -> 1
C49: TELEVISIÓN | D49: x | K49: =IF(D49="X",1,0) -> 1
C50: DIGITALES | K50: =IF(D50="X",1,0) -> 0
C51: MEDIOS ALTERNATIVOS | K51: =IF(D51="X",1,0) -> 0
B52: Valoración de la experiencia acreditada mediante el presente contrato | F52: =IF(F47="","PENDIENTE",IF(F46="","PENDIENTE",IF(F45="","PENDIENTE",IF(F44="","PENDIENTE",IF(F43="","PENDIENTE",IF(F39="","PENDIENTE",IF(F47="NO CUMPLE","NO CUMPLE",IF(F46="NO CUMPLE","NO CUMPLE",IF(F45="NO CUMPLE","NO CUMPLE",IF(F44="NO CUMPLE","NO CUMPLE",(IF(F43="NO CUMPLE","NO CUMPLE",IF(F39="NO CUMPLE","NO CUMPLE","CUMPLE"))))))))))))) -> CUMPLE | H52: NO | K52: =SUM(K47:K51) -> 3
B54: Contrato 3 - | C54: nombre del proponente o miembro de la estructura plural que aporta la experiencia.
B55: Objeto: | C55: OBJETO DEL CONTRATO
B56: Contratante:
B57: Porcentaje de Participación Consorcios /UT: | C57: 1
C58: Requisito | D58: Acreditado | E58: Consecutivo RUP | F58: Cumple/No cumple | G58: Observaciones
B59: Códigos del Clasificador de Bienes y Servicios | C59: 82101500 | F59: =IF(K63>=1,"CUMPLE","NO CUMPLE") -> NO CUMPLE | J59: x | K59: =IF(D59="X",1,0) -> 0
C60: 82101600 | K60: =IF(D60="X",1,0) -> 0
C61: 82101800 | K61: =IF(D61="X",1,0) -> 0
C62: 82101900 | K62: =IF(D62="X",1,0) -> 0
B63: Fecha de suscripción del contrato | F63: =IF(D63="","NO CUMPLE","CUMPLE") -> NO CUMPLE | H63: =YEAR(D63) -> 1900 | K63: =SUM(K59:K62) -> 0
B64: Valor del proyecto o contrato | F64: =IF(D64="","NO CUMPLE","CUMPLE") -> NO CUMPLE
B65: Fecha de terminación del contrato | F65: =IF(D65="","",IF(OR(D65>$C$5,D65<$K$25,),"NO CUMPLE","CUMPLE")) | K65: 41846
B66: SMMLV - a la fecha de suscripción del contrato | D66: =IFERROR((D64/(VLOOKUP(H63,Hoja1!$A$9:$C$44,3,0)))*C57,"PENDIENTE") -> PENDIENTE | F66: =IF(D66=0,"NO CUMPLE","CUMPLE") -> CUMPLE
B67: TIPO DE PLAN DE MEDIOS ACREDITADO | C67: RADIO | F67: =IF(K72>=1,"CUMPLE","NO CUMPLE") -> NO CUMPLE | J67: x | K67: =IF(D67="X",1,0) -> 0
C68: PRENSA | K68: =IF(D68="X",1,0) -> 0
C69: TELEVISIÓN | K69: =IF(D69="X",1,0) -> 0
C70: DIGITALES | K70: =IF(D70="X",1,0) -> 0
C71: MEDIOS ALTERNATIVOS | K71: =IF(D71="X",1,0) -> 0
B72: Valoración de la experiencia acreditada mediante el presente contrato | F72: =IF(F67="","PENDIENTE",IF(F66="","PENDIENTE",IF(F65="","PENDIENTE",IF(F64="","PENDIENTE",IF(F63="","PENDIENTE",IF(F59="","PENDIENTE",IF(F67="NO CUMPLE","NO CUMPLE",IF(F66="NO CUMPLE","NO CUMPLE",IF(F65="NO CUMPLE","NO CUMPLE",IF(F64="NO CUMPLE","NO CUMPLE",(IF(F63="NO CUMPLE","NO CUMPLE",IF(F59="NO CUMPLE","NO CUMPLE","CUMPLE"))))))))))))) -> PENDIENTE | H72: NO | K72: =SUM(K67:K71) -> 0
B74: Contrato 4 - | C74: nombre del proponente o miembro de la estructura plural que aporta la experiencia.
B75: Objeto: | C75: OBJETO DEL CONTRATO
B76: Contratante:
B77: Porcentaje de Participación Consorcios /UT: | C77: 1
C78: Requisito | D78: Acreditado | E78: Consecutivo RUP | F78: Cumple/No cumple | G78: Observaciones
B79: Códigos del Clasificador de Bienes y Servicios | C79: 82101500 | F79: =IF(K83>=1,"CUMPLE","NO CUMPLE") -> NO CUMPLE | J79: x | K79: =IF(D79="X",1,0) -> 0
C80: 82101600 | K80: =IF(D80="X",1,0) -> 0
C81: 82101800 | K81: =IF(D81="X",1,0) -> 0
C82: 82101900 | K82: =IF(D82="X",1,0) -> 0
B83: Fecha de suscripción del contrato | F83: =IF(D83="","NO CUMPLE","CUMPLE") -> NO CUMPLE | H83: =YEAR(D83) -> 1900 | K83: =SUM(K79:K82) -> 0
B84: Valor del proyecto o contrato | F84: =IF(D84="","NO CUMPLE","CUMPLE") -> NO CUMPLE
B85: Fecha de terminación del contrato | F85: =IF(D85="","",IF(OR(D85>$C$5,D85<$K$25,),"NO CUMPLE","CUMPLE")) | K85: 41846
B86: SMMLV - a la fecha de suscripción del contrato | D86: =IFERROR((D84/(VLOOKUP(H83,Hoja1!$A$9:$C$44,3,0)))*C77,"PENDIENTE") -> PENDIENTE | F86: =IF(D86=0,"NO CUMPLE","CUMPLE") -> CUMPLE
B87: TIPO DE PLAN DE MEDIOS ACREDITADO | C87: RADIO | F87: =IF(K92>=1,"CUMPLE","NO CUMPLE") -> NO CUMPLE | J87: x | K87: =IF(D87="X",1,0) -> 0
C88: PRENSA | K88: =IF(D88="X",1,0) -> 0
C89: TELEVISIÓN | K89: =IF(D89="X",1,0) -> 0
C90: DIGITALES | K90: =IF(D90="X",1,0) -> 0
C91: MEDIOS ALTERNATIVOS | K91: =IF(D91="X",1,0) -> 0
B92: Valoración de la experiencia acreditada mediante el presente contrato | F92: =IF(F87="","PENDIENTE",IF(F86="","PENDIENTE",IF(F85="","PENDIENTE",IF(F84="","PENDIENTE",IF(F83="","PENDIENTE",IF(F79="","PENDIENTE",IF(F87="NO CUMPLE","NO CUMPLE",IF(F86="NO CUMPLE","NO CUMPLE",IF(F85="NO CUMPLE","NO CUMPLE",IF(F84="NO CUMPLE","NO CUMPLE",(IF(F83="NO CUMPLE","NO CUMPLE",IF(F79="NO CUMPLE","NO CUMPLE","CUMPLE"))))))))))))) -> PENDIENTE | H92: NO | K92: =SUM(K87:K91) -> 0
B94: Contrato 5 - | C94: nombre del proponente o miembro de la estructura plural que aporta la experiencia.
B95: Objeto: | C95: OBJETO DEL CONTRATO
B96: Contratante:
B97: Porcentaje de Participación Consorcios /UT: | C97: 1
C98: Requisito | D98: Acreditado | E98: Consecutivo RUP | F98: Cumple/No cumple | G98: Observaciones
B99: Códigos del Clasificador de Bienes y Servicios | C99: 82101500 | F99: =IF(K103>=1,"CUMPLE","NO CUMPLE") -> NO CUMPLE | J99: x | K99: =IF(D99="X",1,0) -> 0
C100: 82101600 | K100: =IF(D100="X",1,0) -> 0
C101: 82101800 | K101: =IF(D101="X",1,0) -> 0
C102: 82101900 | K102: =IF(D102="X",1,0) -> 0
B103: Fecha de suscripción del contrato | F103: =IF(D103="","NO CUMPLE","CUMPLE") -> NO CUMPLE | H103: =YEAR(D103) -> 1900 | K103: =SUM(K99:K102) -> 0
B104: Valor del proyecto o contrato | F104: =IF(D104="","NO CUMPLE","CUMPLE") -> NO CUMPLE
B105: Fecha de terminación del contrato | F105: =IF(D105="","",IF(OR(D105>$C$5,D105<$K$25,),"NO CUMPLE","CUMPLE")) | K105: 41846
B106: SMMLV - a la fecha de suscripción del contrato | D106: =IFERROR((D104/(VLOOKUP(H103,Hoja1!$A$9:$C$44,3,0)))*C97,"PENDIENTE") -> PENDIENTE | F106: =IF(D106=0,"NO CUMPLE","CUMPLE") -> CUMPLE
B107: TIPO DE PLAN DE MEDIOS ACREDITADO | C107: RADIO | F107: =IF(K112>=1,"CUMPLE","NO CUMPLE") -> NO CUMPLE | J107: x | K107: =IF(D107="X",1,0) -> 0 | M107: =IF(F32="CUMPLE",1,0) -> 1
C108: PRENSA | K108: =IF(D108="X",1,0) -> 0 | M108: =IF(F52="CUMPLE",1,0) -> 1
...

Sheet CONSOLIDADO
B1: LICITACIÓN PÚBLICA
B2: PROCESO CONTRACTUAL Nro. SCJ-SIF-LP-004-2019
B3: No. | C3: NOMBRE | D3: RESULTADO | E3: PUNTAJE
B4: 1 | C4: ='PROPONENTE (1)'!C3:G3 -> CENTURY MEDIA S.A.S. | D4: ='PROPONENTE (1)'!G247 -> HABILITADO | E4: ='PROPONENTE (1)'!G245 -> 50
B5: 2 | C5: ='PROPONENTE (2)'!C3:G3 -> CONSORCIO NACIONAL DE MEDIOS | D5: ='PROPONENTE (2)'!G247 -> HABILITADO | E5: ='PROPONENTE (2)'!G245 -> 50
B6: 3 | C6: ='PROPONENTE (3)'!C3:G3 -> UNIÓN TEMPORAL ERCA Y UNIVERSAL GROUP | D6: RECHAZADO Ver respuesta a observaciones al Informe Preliminar de Evaluación | E6: ='PROPONENTE (3)'!G245 -> 50
B7: 4 | C7: ='PROPONENTE (4)'!C3:G3 -> ADD MEDIA | D7: ='PROPONENTE (4)'!G247 -> HABILITADO | E7: ='PROPONENTE (4)'!G245 -> 50
B8: 5 | C8: ='PROPONENTE (5)'!C3:G3 -> OPTIMA TM S.A.S | D8: ='PROPONENTE (5)'!G247 -> HABILITADO | E8: ='PROPONENTE (5)'!G245 -> 49
B9: 6 | C9: ='PROPONENTE (6)'!C3:G3 -> SERVIMEDIOS | D9: ='PROPONENTE (6)'!G247 -> NO HABILITADO | E9: ='PROPONENTE (6)'!G245 -> 49
B10: 7 | C10: ='PROPONENTE (7)'!C3:G3 -> UNIÓN TEMPORAL-UT LIFECPM YCENTRAL PROMOTORA DE MEDIOS S.A.S. | D10: ='PROPONENTE (7)'!G247 -> HABILITADO | E10: ='PROPONENTE (7)'!G245 -> 49
B11: 8 | C11: ='PROPONENTE (8)'!C3:G3 -> LINKTIC S.A.S. | D11: ='PROPONENTE (8)'!G247 -> HABILITADO | E11: ='PROPONENTE (8)'!G245 -> 49
B12: 9 | C12: ='PROPONENTE (9)'!C3:G3 -> BIG MEDIA PUBLICIDAD S.A.S. | D12: ='PROPONENTE (9)'!G247 -> HABILITADO | E12: ='PROPONENTE (9)'!G245 -> 49
B13: 10 | C13: ='PROPONENTE (10)'!C3:G3 -> GRUPO ONE S.A.S | D13: ='PROPONENTE (10)'!G247 -> NO HABILITADO | E13: ='PROPONENTE (10)'!G245 -> 50
C17: Original Firmado | D17: Original Firmado
C18: Camilo Ernesto Restrepo Romero | D18: Drayan Camilo Serna Moreno
C19: INTEGRANTE COMITÉ EVALUADOR TÉCNICO | D19: INTEGRANTE COMITÉ EVALUADOR TÉCNICO
